 Dungeon Crawl Stone Soup version 0.30-a0-1008-g30c9307041 (webtiles) character file.

Game seed: 9651422610372176350

158264 Implojin the Marksmummy (level 16, -5/134 HPs)
             Began as a Mummy Chaos Knight on Apr 5, 2023.
             Was a Plaything of Xom.
             Slain by an emperor scorpion (7 damage)
             ... on level 2 of the Lair of Beasts.
             The game lasted 01:31:14 (27913 turns).

Implojin the Marksmummy (Mummy Chaos Knight)       Turns: 27913, Time: 01:31:14

Health: -5/134     AC:  9    Str: 19    XL:     16   Next: 86%
Magic:  16/16      EV: 19    Int: 26    God:    Xom [...*..]
Gold:   4560       SH:  0    Dex: 18    Spells: 15/15 levels left

rFire   + . .      SeeInvis .    b - +10 shortbow "Dosuewir" {flame, Str+2 Int+6}
rCold   + . .      Faith    +    (shield currently unavailable)
rNeg    + + +      Spirit   .    k - +3 leather armour of Lauph {rPois Slay+2 Stlth+}
rPois   ∞          Reflect  .    E - +2 helmet {Int+3}
rElec   .          Rampage  .    q - +1 cloak
rCorr   .                        U - +2 pair of gloves {hurl}
Will    +++..                    v - +1 pair of boots
Stlth   ++                       m - amulet of regeneration
HPRegen 1.22/turn                Y - ring "Xuxkumecso" {rF+ Will+}
MPRegen 0.15/turn                W - ring "Fogo" {rPois rF+ Int+6}

@: confused, corroded, studying Ranged Weapons
A: cold resistance 1, negative energy resistance 3, torment resistance 2, heat
vulnerability 1, in touch with death 2, no potions, faith
}: 1/15 runes: decaying
a: Renounce Religion


You were on level 2 of the Lair of Beasts.
You worshipped Xom.
You were a favourite toy of Xom.
You visited 5 branches of the dungeon, and saw 27 of its levels.
You also visited: Ice Cave.

You collected 4560 gold pieces.

Inventory:

Hand Weapons
 b - the +10 shortbow "Dosuewir" (weapon) {flame, Str+2 Int+6}
   (You found it on level 5 of the Dungeon)

   Str:       It affects your strength (+2).
   Int:       It affects your intelligence (+6).
 f - a +0 shortbow
 u - a +3 longbow
 y - the +9 war axe of Tumult {pain, Dex+2 Stlth+}
   (You found it on level 5 of the Dungeon)

   Dex:       It affects your dexterity (+2).
   Stlth:     It makes you more stealthy.
 Z - a +0 arbalest
Missiles
 i - 16 boomerangs
 n - 9 atropa-tipped darts
 z - a throwing net
 A - 2 curare-tipped darts
 C - 11 silver javelins
 R - 4 boomerangs of dispersal
Armour
 a - +0 fire dragon scales
 h - +0 swamp dragon scales
 k - the +3 leather armour of Lauph (worn) {rPois Slay+2 Stlth+}
   (You found it on level 1 of the Swamp)

   Slay:      It affects your accuracy & damage with ranged weapons and melee
   (+2).
   rPois:     It protects you from poison.
   Stlth:     It makes you more stealthy.
 q - a +1 cloak (worn)
 v - a +1 pair of boots (worn)
 w - a +2 scale mail of cold resistance
 x - +0 steam dragon scales
 D - a +0 troll leather armour
 E - a +2 helmet of intelligence (worn)
 N - a scarf of repulsion
 U - a +2 pair of gloves of hurling (worn)
Jewellery
 c - a ring of resist corrosion
 d - the ring "Neyngemom" {Wiz rF+ Dex+3}
   (You found it on level 2 of the Swamp)

   [ring of wizardry]

   It improves your spell success rate.
   Dex:       It affects your dexterity (+3).
   rF:        It protects you from fire.
 g - a +6 ring of dexterity
 m - an amulet of regeneration (around neck)
 p - a +6 ring of strength
 r - a ring of willpower
 Q - a ring of flight
 W - the ring "Fogo" (right hand) {rPois rF+ Int+6}
   (Xom gifted it to you on level 14 of the Dungeon)

   [ring of intelligence]

   Int:       It affects your intelligence (+6).
   rF:        It protects you from fire.
   rPois:     It protects you from poison.
 X - a ring of see invisible
 Y - the ring "Xuxkumecso" (left hand) {rF+ Will+}
   (You acquired it on level 12 of the Dungeon)

   [ring of protection from fire]

   rF:        It protects you from fire.
   Will:      It increases your willpower.
Wands
 s - a wand of mindburst (8)
 t - a wand of flame (29)
 B - a wand of polymorph (16)
 G - a wand of charming (6)
 I - a wand of roots (9)
 K - a wand of light (6)
Scrolls
 e - 4 scrolls of vulnerability
 j - a scroll of summoning
 l - 3 scrolls of enchant weapon
 o - a scroll of blinking
 F - 9 scrolls of teleportation
 H - 4 scrolls of immolation
 L - a scroll of silence
 M - 14 scrolls of identify
 P - 4 scrolls of magic mapping
 S - a scroll of fog
 T - a scroll of poison
Miscellaneous
 J - a box of beasts
 O - a condenser vane (inert)
 V - a phantom mirror


   Skills:
 * Level 14.5 Fighting
 - Level 4.1 Axes
 - Level 17.0 Ranged Weapons
 - Level 3.0 Throwing
 - Level 4.0 Armour
 - Level 12.0 Dodging
 - Level 6.0 Stealth
 - Level 4.0 Unarmed Combat
 - Level 9.0 Evocations


You had 15 spell levels left.
You didn't know any spells.
Your spell library contained the following spells:

 Spells                   Type           Power      Damage    Failure   Level
 Apportation              Tloc           0%         N/A       14%         1
 Kiss of Death            Conj/Necr      0%         2d5       14%         1
 Magic Dart               Conj           0%         1d3       14%         1
 Ensorcelled Hibernation  Hex/Ice        0%         N/A       22%         2
 Lesser Beckoning         Tloc           0%         N/A       22%         2
 Passwall                 Tmut/Erth      0%         N/A       22%         2
 Searing Ray              Conj           0%         2d4       22%         2
 Call Canine Familiar     Summ           0%         N/A       41%         3
 Confusing Touch          Hex            0%         N/A       41%         3
 Gell's Gravitas          Tloc           0%         N/A       41%         3
 Portal Projectile        Hex/Tloc       0%         N/A       41%         3
 Swiftness                Air            0%         N/A       41%         3
 Teleport Other           Tloc           0%         N/A       41%         3
 Tukima's Dance           Hex            0%         N/A       41%         3
 Volatile Blastmotes      Fire/Tloc      0%         2d10      41%         3
 Dispel Undead            Necr           0%         3d6       82%         4
 Flame Wave               Conj/Fire      0%         2d4       82%         4
 Fulminant Prism          Conj/Hex       0%         3d5       82%         4
 Leda's Liquefaction      Hex/Erth       0%         N/A       82%         4
 Passage of Golubria      Tloc           0%         N/A       82%         4
 Alistair's Intoxication  Tmut/Pois      0%         N/A       99%         5
 Borgnjor's Vile Clutch   Necr/Erth      0%         N/A       99%         5
 Fireball                 Conj/Fire      0%         3d3       99%         5
 Iskenderun's Battlesphe  Conj           0%         2d6       99%         5
 Lee's Rapid Deconstruct  Erth           0%         3d4*      99%         5
 Metabolic Englaciation   Hex/Ice        0%         N/A       99%         5
 Silence                  Hex/Air        0%         N/A       99%         5
 Conjure Ball Lightning   Conj/Air       0%         3x3d6     100%        6
 Dispersal                Tloc           0%         N/A       100%        6
 Eringya's Noxious Bog    Tmut/Pois      0%         N/A       100%        6
 Orb of Destruction       Conj           0%         9d5       100%        7
 Lehudib's Crystal Spear  Conj/Erth      0%         10d2      100%        8
 Blade Hands              Tmut           Unusable   N/A       N/A         5
 Statue Form              Tmut/Erth      Unusable   N/A       N/A         6

Dungeon Overview and Level Annotations

Branches:
Dungeon (15/15)            Temple (0/1) D:5            Lair (5/5) D:9
  Swamp (4/4) Lair:2       Spider (1/4) Lair:2        Slime (0/5) Lair:4
    Orc (2/2) D:12            Elf (0/3) Orc:2        Vaults (0/5) D:13
 Depths (0/4) D:15          IceCv (visited)

Altars:
Ashenzari
Cheibriados
Qazlal
Sif Muna
Trog
Vehumet
Wu Jian
Xom
Yredelemnul
Jiyva

Portals:
Trove: D:13 (give +6 demon blade)

Annotations:
D:8 3 runed translucent doors, exclusion: 3 doors, Triskal's ghost, novice MeCA
Lair:2 Donald
Lair:4 Rupert
Swamp:1 2 transporters, Jorgrun; Varun's ghost, adept AtWr
Swamp:2 exclusion: upstairs
Orc:2 Saint Roka


Innate Abilities, Weirdness & Mutations

You are immune to poison.
Your flesh is cold resistant. (rC+)
You are immune to negative energy. (rN+++)
You are immune to unholy pain and torment.
You are vulnerable to heat. (rF-)
You are strongly in touch with the powers of death.
You do not drink.
You have a special connection with the divine. (Faith)


Message History

The tarantella misses you. The demonic crawler closely misses you.
The demonic crawler hits you! The demonic crawler misses you.
The redback bites you but does no damage.
The jumping spider leaps!
Danger: Low HP Warning |T2| Reason: 49% HP (66/134) Unknown command.
Unknown command.
You are too confused!
Unknown command.
You are too confused!
Unknown command.
Donald hits you with a +1 broad axe of freezing!!
Donald freezes you. The redback bites you!
The entropy weaver gestures at you while chanting.
The entropic weave corrodes you! The tarantella barely misses you.
The demonic crawler hits you but does no damage.
The demonic crawler completely misses you.
The demonic crawler hits you but does no damage.
The emperor scorpion stings you! The emperor scorpion claws you. x2
Donald completely misses you.
The jumping spider leaps!
The redback closely misses you. The tarantella misses you.
The wolf spider's many legs skitter.
You climb upwards.
Welcome back to the Lair of Beasts! "Hum-dee-hum-dee-hum..."
The tarantella is charmed.
There is a hole to the Spider Nest here.
Danger: Low HP Warning |T3| Reason: 14% HP (20/134) Unknown command.
Are you sure you want to stumble around while confused and next to your tarantella?
Okay, then.
Are you sure you want to stumble around while confused and next to your tarantella?
You miss your tarantella.
The tarantella is no longer charmed.
The tarantella's many legs skitter faintly. "Serve the toy, my child!"
The redback bites you but does no damage.
The culicivora bites you! The demonic crawler barely misses you.
The demonic crawler hits you! The demonic crawler hits you.
The emperor scorpion stings you!
You die...
Xom giggles madly!

..##########...#.....#......#.###
.<# ########...###>.####.......##
..###....#.#...##...###..........
..##...†...†.[..............###..
......††.###..##..##...#....# #..
..P#......#...#...#.........# #..
........)...).#...#...#.....###..
..P###.P#......sss.......<..##...
...##...#..#...s@@...#......####.
..##.#.##......†ss..#.........##.
............#.5..................
.................)...............
.............##..###.###.........
..............#...#..###....#.##+
..##P+#P......#...#...+....#.###+
..###.####............##...#.....
..###..##.#....###....##.........


You could see an emperor scorpion (ally target), Donald (fast), a demonic
crawler, a culicivora, a tarantella, 2 redbacks and a friendly ufetubus
(summoned).

Vanquished Creatures
  the Lernaean hydra (Swamp:4)
  Nikola (Swamp:1)
  Mlioglotl (Swamp:2)
  Kirke (Swamp:1)
  A thorn hunter (Swamp:4)
  An ironbound preserver (D:13)
  3 eleionomae
  2 bunyips
  An entropy weaver (Lair:2)
  A shambling mangrove (Swamp:3)
  2 fire dragons (D:13)
  11 hydras
  An ice dragon (Lair:1)
  4 catoblepae
  9 centaur warriors
  14 alligators
  6 ghost crabs
  5 two-headed ogres
  5 boulder beetles
  Urug (Lair:3)
  A death yak (Lair:3)
  A tengu warrior (D:13)
  A spectral death yak (Lair:2)
  A pharaoh ant (Lair:2)
  6 goliath frogs
  Amaemon (D:8)
  A death drake (Swamp:1)
  2 spriggan druids
  3 skeletal warriors (D:15)
  10 swamp dragons
  2 bog bodies (Swamp:1)
  A wizard (D:13)
  A harpy (Lair:5)
  4 orc knights
  2 deep elf pyromancers
  6 cyclopes
  A wolf spider (D:6)
  5 ugly things
  5 manticores
  2 will-o-the-wisps
  2 oklob plants (Lair:2)
  11 elephants
  3 black mambas
  2 gargoyles
  2 torpor snails (Lair:3)
  10 cane toads
  Psyche (D:9)
  A komodo dragon (shapeshifter) (D:14)
  2 freezing wraiths
  A tengu conjurer (D:13)
  A kobold demonologist (D:6)
  5 rime drakes
  8 komodo dragons
  5 trolls
  2 bloated husks (Swamp:2)
  A hellwing (D:8)
  14 hornets
  A queen bee (D:12)
  3 meliai (D:12)
  13 tyrant leeches
  2 polar bears (Lair:5)
  6 tarantellas (Lair:2)
  20 blink frogs
  3 slime creatures (D:13)
  Sigmund (D:5)
  3 culicivoras
  A centaur simulacrum (D:13)
  3 vampires
  20 spriggans
  3 shadows
  4 wyverns
  44 yaks
  A wraith (D:13)
  The ghost of jimonade the Trooper, an amateur HOFi (D:3)
  4 hogs (Swamp:1)
  8 redbacks (Lair:2)
  Grum (D:8)
  5 basilisks
  A basilisk (shapeshifter) (D:13)
  2 steam dragons
  9 vampire mosquitoes
  7 wargs
  16 swamp worms
  A swamp worm (shapeshifter) (D:7)
  3 acid dragons
  10 water moccasins
  29 orc warriors
  A sky beast (D:7)
  3 black bears
  11 ogres
  5 swamp drakes
  A sky beast (shapeshifter) (D:13)
  2 spectral rime drakes (Lair:2)
  4 boggarts (Lair:5)
  29 wolves
  5 centaurs
  2 kobold brigands
  8 bullfrogs
  A spectral water moccasin (Lair:2)
  A gnoll sergeant (D:11)
  3 scorpions (D:5)
  5 wights (D:8)
  28 killer bees
  6 howler monkeys
  3 hounds
  A jelly (D:11)
  35 orc priests
  Crazy Yiuf (D:5)
  A sleepcap (D:4)
  4 iguanas
  Natasha (twice) (D:2)
  33 orc wizards
  7 hell rats (Lair:3)
  A wolf simulacrum (IceCv)
  A mummy (D:7)
  13 gnolls
  9 adders
  3 shadow imps (D:6)
  13 white imps
  An ufetubus (D:4)
  4 worms
  87 orcs
  7 ball pythons
  2 bats
  8 endoplasms
  4 giant cockroaches
  3 goblins
  9 hobgoblins
  19 kobolds
  4 quokkas
  3 frilled lizards
  9 rats
825 creatures vanquished.

Vanquished Creatures (collateral kills)
  2 thorn hunters (Swamp:4)
  A vampire knight (D:13)
  Snorg (Lair:3)
  A death yak (Lair:3)
  An alligator (Swamp:1)
  A skeletal warrior (D:13)
  A glowing orange brain (Lair:5)
  A bog body (Swamp:1)
  2 cyclopes (D:11)
  3 elephants
  A black mamba (Lair:1)
  A polar bear (Lair:5)
  3 hornets
  4 blink frogs
  3 spriggans
  3 yaks (Lair:3)
  2 vampire mosquitoes (D:11)
  A warg (D:12)
  A swamp worm (Swamp:3)
  A water moccasin (Lair:3)
  4 wolves
  A killer bee (D:12)
  An orc priest (D:12)
  Natasha (D:2)
  3 orcs (D:12)
44 creatures vanquished.

Vanquished Creatures (others)
  A fire dragon (D:15)
  A slime creature (D:13)
  2 spriggans (Lair:5)
  A yak (Lair:1)
  A human (Swamp:1)
  A basilisk (D:13)
  A hog (Swamp:1)
  An orc priest (Orc:1)
  6 foxfires (Swamp:3)
  35 fungi
  37 plants
87 creatures vanquished.

Grand Total: 956 creatures vanquished

Notes
Turn   | Place    | Note
-------+----------+-------------------------------------------
     0 | D:1      | Implojin the Mummy Chaos Knight began the quest for the
                  | Orb.
     0 | D:1      | Reached XP level 1. HP: 18/18 MP: 1/1
    41 | D:1      | XOM: silly message
   261 | D:1      | XOM: silly message
   387 | D:1      | XOM: enchant monster (good)
   403 | D:1      | XOM: 1-stop teleportation journey
   476 | D:1      | Reached XP level 2. HP: 24/24 MP: 2/2
   927 | D:1      | XOM: stat loss: -1 Dex (10/11)
   950 | D:2      | XOM: summons 2 hostile demons
   951 | D:2      | Noticed a neqoxec
   951 | D:2      | Danger: shadow imp |T2| Reason: OOD monster, careful!
   951 | D:2      | Danger: neqoxec |T2| Reason: Malmutator in LOS
   951 | D:2      | Danger: neqoxec |T2| Reason: Malmutator in LOF!
   954 | D:2      | Identified a scroll of acquirement
   954 | D:2      | Acquired a +3 executioner's axe of electrocution
   959 | D:2      | Danger: Low HP Warning |T2| Reason: 45% HP (11/24)
   960 | D:2      | Danger: Low HP Warning |T2| Reason: 45% HP (11/24)
   961 | D:2      | Danger: Low HP Warning |T3| Reason: 20% HP (5/24)
   962 | D:2      | Danger: Low HP Warning |T3| Reason: 25% HP (6/24)
   963 | D:2      | Danger: Low HP Warning |T3| Reason: 25% HP (6/24)
   964 | D:2      | Danger: Low HP Warning |T3| Reason: 25% HP (6/24)
   965 | D:2      | Danger: Low HP Warning |T3| Reason: 25% HP (6/24)
   966 | D:2      | Danger: Low HP Warning |T2| Reason: 29% HP (7/24)
   967 | D:2      | Danger: Low HP Warning |T2| Reason: 29% HP (7/24)
   970 | D:2      | Danger: Low HP Warning |T2| Reason: 33% HP (8/24)
   971 | D:2      | Danger: Low HP Warning |T2| Reason: 33% HP (8/24)
   972 | D:2      | Danger: Low HP Warning |T2| Reason: 33% HP (8/24)
   973 | D:2      | Danger: Low HP Warning |T2| Reason: 33% HP (8/24)
   974 | D:2      | Danger: Low HP Warning |T2| Reason: 37% HP (9/24)
   975 | D:2      | Danger: Low HP Warning |T2| Reason: 33% HP (8/24)
  1086 | D:2      | Noticed Natasha
  1087 | D:2      | Danger: Natasha |T2| Reason: Slow and low Will, careful
  1087 | D:2      | Danger: Natasha |T2| Reason: Unique monster, careful!
  1087 | D:2      | Danger: Natasha |T2| Reason: Magic Dart deals more than 50%
                  | MHP!
  1087 | D:2      | XOM: butterfly on damage
  1088 | D:2      | Danger: Low HP Warning |T2| Reason: 58% HP (14/24)
  1117 | D:2      | Danger: Natasha |T2| Reason: Slow and low Will, careful
  1117 | D:2      | Danger: Natasha |T2| Reason: Unique monster, careful!
  1117 | D:2      | Danger: Natasha |T2| Reason: Magic Dart deals more than 50%
                  | MHP!
  1200 | D:2      | XOM: 6-stop teleportation journey
  1212 | D:2      | XOM: swap monsters
  1223 | D:2      | Gained mutation: You are in touch with the powers of death.
                  | [Mummy growth]
  1223 | D:2      | Reached XP level 3. HP: 26/29 MP: 3/3
  1378 | D:2      | Danger: Low HP Warning |T2| Reason: 55% HP (16/29)
  1379 | D:2      | Danger: Low HP Warning |T2| Reason: 55% HP (16/29)
  1380 | D:2      | Danger: Low HP Warning |T2| Reason: 55% HP (16/29)
  1381 | D:2      | Danger: Low HP Warning |T2| Reason: 58% HP (17/29)
  1382 | D:2      | Danger: Low HP Warning |T2| Reason: 58% HP (17/29)
  1383 | D:2      | Danger: Low HP Warning |T2| Reason: 58% HP (17/29)
  1404 | D:2      | XOM: 1-stop teleportation journey
  1509 | D:2      | Reached XP level 4. HP: 27/35 MP: 4/4
  1515 | D:2      | Reached skill level 1 in Axes
  1740 | D:2      | Danger: Natasha |T2| Reason: Slow and low Will, careful
  1740 | D:2      | Danger: Natasha |T2| Reason: Unique monster, careful!
  1752 | D:2      | Danger: Natasha |T2| Reason: Slow and low Will, careful
  1752 | D:2      | Danger: Natasha |T2| Reason: Unique monster, careful!
  1758 | D:2      | a crimson imp changed into a lemure
  1758 | D:2      | Noticed a lemure
  1758 | D:2      | XOM: polymorph crimson imp -> lemure
  1759 | D:2      | XOM: summons 2 friendly demons
  1766 | D:2      | Killed Natasha
  1816 | D:2      | Noticed Natasha
  1817 | D:2      | Danger: Natasha |T2| Reason: Slow and low Will, careful
  1817 | D:2      | Danger: Natasha |T2| Reason: Unique monster, careful!
  1818 | D:2      | Killed Natasha
  1855 | D:2      | Reached XP level 5. HP: 41/41 MP: 5/5
  1893 | D:2      | XOM: cloud trail
  2021 | D:2      | Noticed Natasha
  2022 | D:2      | Danger: Natasha |T2| Reason: Slow and low Will, careful
  2022 | D:2      | Danger: Natasha |T2| Reason: Unique monster, careful!
  2025 | D:2      | Killed Natasha
  2197 | D:3      | Found a large runed translucent door.
  2198 | D:3      | Found a large runed translucent door.
  2204 | D:3      | Noticed jimonade's ghost (amateur HOFi)
  2294 | D:3      | Found a faded altar of an unknown god.
  2375 | D:3      | Found a stormy altar of Qazlal.
  2385 | D:3      | XOM: scenery: create altars
  2509 | D:3      | XOM: scenery: summon butterflies
  2681 | D:4      | Danger: Low HP Warning |T2| Reason: 60% HP (25/41)
  2683 | D:4      | Danger: Low HP Warning |T2| Reason: 48% HP (20/41)
  2684 | D:4      | Danger: Low HP Warning |T2| Reason: 31% HP (13/41)
  2685 | D:4      | Danger: Low HP Warning |T2| Reason: 34% HP (14/41)
  2686 | D:4      | Danger: Low HP Warning |T2| Reason: 36% HP (15/41)
  2687 | D:4      | Danger: Low HP Warning |T2| Reason: 39% HP (16/41)
  2688 | D:4      | Danger: Low HP Warning |T2| Reason: 41% HP (17/41)
  2689 | D:4      | Danger: Low HP Warning |T2| Reason: 43% HP (18/41)
  2690 | D:4      | Danger: Low HP Warning |T2| Reason: 46% HP (19/41)
  2691 | D:4      | Danger: Low HP Warning |T2| Reason: 48% HP (20/41)
  2692 | D:4      | Danger: Low HP Warning |T2| Reason: 53% HP (22/41)
  2693 | D:4      | Danger: Low HP Warning |T2| Reason: 56% HP (23/41)
  2694 | D:4      | Danger: Low HP Warning |T2| Reason: 58% HP (24/41)
  2695 | D:4      | Danger: Low HP Warning |T2| Reason: 60% HP (25/41)
  2695 | D:4      | XOM: cleaving
  2728 | D:4      | Danger: Low HP Warning |T2| Reason: 60% HP (25/41)
  2729 | D:4      | Danger: Low HP Warning |T2| Reason: 58% HP (24/41)
  2876 | D:4      | XOM: 1-stop teleportation journey
  2881 | D:4      | Found a broken altar of Ashenzari.
  2886 | D:4      | XOM: god gift: 548 gold pieces
  3067 | D:4      | XOM: scenery: summon butterflies
  3242 | D:4      | Noticed an ogre
  3247 | D:4      | Killed an ogre
  3248 | D:4      | Reached XP level 6. HP: 46/47 MP: 6/6
  3425 | D:4      | XOM: god gift: 5 stones
  3441 | D:4      | Reached skill level 1 in Evocations
  3619 | D:4      | XOM is BORED!
  3619 | D:4      | XOM: chaos upgrade
  3746 | D:4      | XOM: god gift: scroll of enchant armour
  3850 | D:4      | XOM: god gift: 4 gold pieces
  3858 | D:5      | Entered Level 5 of the Dungeon
  3871 | D:5      | Noticed a steam dragon
  3872 | D:5      | Danger: steam dragon |T2| Reason: Steam Ball deals more
                  | than 50% MHP!
  3882 | D:5      | XOM: 2-stop teleportation journey
  3909 | D:5      | Found a staircase to the Ecumenical Temple.
  3909 | D:5      | Noticed Sigmund
  3910 | D:5      | Danger: Sigmund |T2| Reason: Unique monster, careful!
  3910 | D:5      | XOM: confusion
  3989 | D:5      | Identified the +10 shortbow "Dosuewir" {flame, Str+2 Int+6}
  3999 | D:5      | XOM: divination: detect items
  4006 | D:5      | Reached skill level 1 in Ranged Weapons
  4064 | D:5      | Danger: steam dragon |T2| Reason: Steam Ball deals more
                  | than 50% MHP!
  4068 | D:5      | XOM: enchant monster (good)
  4076 | D:5      | Danger: steam dragon |T3| Reason: IMMINENT DEATH: Steam
                  | Ball deals 30 damage, you have 26 HP!!
  4076 | D:5      | Danger: Low HP Warning |T2| Reason: 55% HP (26/47)
  4077 | D:5      | Danger: steam dragon |T3| Reason: IMMINENT DEATH: Steam
                  | Ball deals 30 damage, you have 25 HP!!
  4077 | D:5      | Danger: Low HP Warning |T2| Reason: 53% HP (25/47)
  4078 | D:5      | Danger: steam dragon |T3| Reason: IMMINENT DEATH: Steam
                  | Ball deals 30 damage, you have 20 HP!!
  4078 | D:5      | Danger: Low HP Warning |T2| Reason: 42% HP (20/47)
  4079 | D:5      | Danger: steam dragon |T3| Reason: IMMINENT DEATH: Steam
                  | Ball deals 30 damage, you have 18 HP!!
  4079 | D:5      | Danger: Low HP Warning |T2| Reason: 38% HP (18/47)
  4080 | D:5      | Danger: steam dragon |T3| Reason: IMMINENT DEATH: Steam
                  | Ball deals 30 damage, you have 16 HP!!
  4080 | D:5      | Danger: Low HP Warning |T2| Reason: 34% HP (16/47)
  4081 | D:5      | Danger: steam dragon |T3| Reason: IMMINENT DEATH: Steam
                  | Ball deals 30 damage, you have 12 HP!!
  4081 | D:5      | Danger: Low HP Warning |T3| Reason: 25% HP (12/47)
  4082 | D:5      | Danger: steam dragon |T3| Reason: IMMINENT DEATH: Steam
                  | Ball deals 30 damage, you have 13 HP!!
  4082 | D:5      | Danger: Low HP Warning |T2| Reason: 27% HP (13/47)
  4083 | D:5      | Danger: steam dragon |T3| Reason: IMMINENT DEATH: Steam
                  | Ball deals 30 damage, you have 14 HP!!
  4083 | D:5      | Danger: Low HP Warning |T2| Reason: 29% HP (14/47)
  4084 | D:5      | Danger: steam dragon |T3| Reason: IMMINENT DEATH: Steam
                  | Ball deals 30 damage, you have 15 HP!!
  4084 | D:5      | Danger: Sigmund |T2| Reason: Unique monster, careful!
  4084 | D:5      | Danger: Low HP Warning |T2| Reason: 31% HP (15/47)
  4085 | D:5      | Danger: steam dragon |T3| Reason: IMMINENT DEATH: Steam
                  | Ball deals 30 damage, you have 17 HP!!
  4085 | D:5      | Danger: Low HP Warning |T2| Reason: 36% HP (17/47)
  4085 | D:5      | Killed a steam dragon
  4086 | D:5      | Reached skill level 2 in Ranged Weapons
  4086 | D:5      | Reached XP level 7. HP: 21/52 MP: 7/7
  4086 | D:5      | Danger: Low HP Warning |T2| Reason: 40% HP (21/52)
  4088 | D:5      | Danger: Low HP Warning |T2| Reason: 40% HP (21/52)
  4089 | D:5      | Danger: Low HP Warning |T2| Reason: 30% HP (16/52)
  4091 | D:5      | Danger: Sigmund |T2| Reason: Unique monster, careful!
  4091 | D:5      | Danger: Low HP Warning |T2| Reason: 34% HP (18/52)
  4092 | D:5      | Danger: Low HP Warning |T2| Reason: 38% HP (20/52)
  4093 | D:5      | Danger: Low HP Warning |T2| Reason: 40% HP (21/52)
  4095 | D:5      | Danger: Sigmund |T2| Reason: Unique monster, careful!
  4095 | D:5      | Danger: Low HP Warning |T2| Reason: 44% HP (23/52)
  4096 | D:5      | Danger: Low HP Warning |T2| Reason: 36% HP (19/52)
  4097 | D:5      | Danger: Low HP Warning |T2| Reason: 38% HP (20/52)
  4097 | D:5      | XOM: noise
  4098 | D:5      | Danger: Low HP Warning |T2| Reason: 40% HP (21/52)
  4099 | D:5      | Danger: Low HP Warning |T2| Reason: 42% HP (22/52)
  4101 | D:5      | Danger: Sigmund |T2| Reason: Unique monster, careful!
  4101 | D:5      | Danger: Low HP Warning |T2| Reason: 46% HP (24/52)
  4102 | D:5      | Danger: Low HP Warning |T2| Reason: 48% HP (25/52)
  4103 | D:5      | Danger: Low HP Warning |T2| Reason: 50% HP (26/52)
  4103 | D:5      | XOM: 8-stop teleportation journey
  4129 | D:5      | Reached skill level 3 in Ranged Weapons
  4204 | D:5      | Danger: Sigmund |T2| Reason: Unique monster, careful!
  4204 | D:5      | XOM: summons 2 hostile demons
  4248 | D:5      | XOM: cast spell 'Summon Cactus Giant'
  4280 | D:5      | Danger: Sigmund |T2| Reason: Unique monster, careful!
  4280 | D:5      | Danger: Low HP Warning |T2| Reason: 59% HP (31/52)
  4280 | D:5      | Killed Sigmund
  4281 | D:5      | Reached skill level 4 in Ranged Weapons
  4281 | D:5      | Reached skill level 1 in Dodging
  4281 | D:5      | Reached skill level 1 in Stealth
  4354 | D:5      | Danger: Low HP Warning |T2| Reason: 34% HP (18/52)
  4355 | D:5      | Reached XP level 8. HP: 21/58 MP: 8/8
  4581 | D:5      | XOM: god gift: lumpy red potion {god gift}
  4672 | D:5      | Found a runed translucent door.
  4673 | D:5      | Noticed Crazy Yiuf
  4898 | D:5      | Identified the +9 war axe of Tumult {pain, Dex+2 Stlth+}
  4962 | D:5      | XOM: cast spell 'Cause Fear'
  5120 | D:5      | XOM: scenery: summon butterflies
  5135 | D:5      | Danger: Crazy Yiuf |T2| Reason: Unique monster, careful!
  5137 | D:5      | Killed Crazy Yiuf
  5198 | D:6      | XOM: divination: detect items
  5222 | D:6      | XOM: scenery: create altars
  5227 | D:6      | XOM: confuse monster(s)
  5299 | D:6      | XOM: noise
  5393 | D:6      | Reached skill level 5 in Ranged Weapons
  5437 | D:6      | Found a transporter.
  5449 | D:6      | Noticed a kobold demonologist
  5500 | D:6      | Found a transporter.
  5524 | D:6      | Found an ornate altar of the Wu Jian Council.
  5526 | D:6      | Found a basalt altar of Yredelemnul.
  5575 | D:6      | Noticed a boulder beetle
  5575 | D:6      | Noticed a manticore
  5575 | D:6      | Noticed a two-headed ogre
  5575 | D:6      | XOM: 1-stop teleportation journey
  5578 | D:6      | XOM: 1-stop teleportation journey
  5579 | D:6      | Danger: boulder beetle |T2| Reason: OOD monster, careful!
  5579 | D:6      | a boulder beetle changed into a wolf spider
  5579 | D:6      | Noticed a wolf spider
  5579 | D:6      | XOM: polymorph boulder beetle -> wolf spider
  5580 | D:6      | Danger: wolf spider |T2| Reason: OOD monster, careful!
  5848 | D:7      | Found a radiant altar of Vehumet.
  5900 | D:7      | Danger: steam dragon |T2| Reason: Steam Ball deals more
                  | than 50% MHP!
  5906 | D:7      | Reached skill level 6 in Ranged Weapons
  5915 | D:7      | Danger: acid dragon |T2| Reason: OOD monster, careful!
  5915 | D:7      | Danger: acid dragon |T2| Reason: Spit Acid deals more than
                  | 50% MHP!
  5920 | D:7      | Danger: acid dragon |T3| Reason: IMMINENT DEATH: Spit Acid
                  | deals 42 damage, you have 37 HP!!
  5921 | D:7      | Danger: acid dragon |T3| Reason: IMMINENT DEATH: Spit Acid
                  | deals 42 damage, you have 38 HP!!
  5922 | D:7      | Danger: acid dragon |T3| Reason: IMMINENT DEATH: Spit Acid
                  | deals 42 damage, you have 30 HP!!
  5922 | D:7      | Danger: Low HP Warning |T2| Reason: 51% HP (30/58)
  5923 | D:7      | Danger: acid dragon |T3| Reason: IMMINENT DEATH: Spit Acid
                  | deals 42 damage, you have 19 HP!!
  5923 | D:7      | Danger: Low HP Warning |T2| Reason: 32% HP (19/58)
  5924 | D:7      | Reached XP level 9. HP: 21/63 MP: 9/9
  5924 | D:7      | Danger: Low HP Warning |T2| Reason: 33% HP (21/63)
  5925 | D:7      | Danger: Low HP Warning |T2| Reason: 34% HP (22/63)
  5926 | D:7      | Danger: Low HP Warning |T2| Reason: 38% HP (24/63)
  6282 | D:7      | XOM: chaos cloud
  6286 | D:7      | XOM: polymorph ice beast -> shapeshifter
  6286 | D:7      | a shapeshifter changed into a troll
  6286 | D:7      | Noticed a troll (shapeshifter)
  6287 | D:7      | Danger: troll shaped shifter |T2| Reason: OOD monster,
                  | careful!
  6292 | D:7      | a culicivora changed into a guardian serpent
  6292 | D:7      | Noticed a guardian serpent (shapeshifter)
  6293 | D:7      | Danger: guardian serpent shaped shifter |T2| Reason: Slow
                  | and low Will, careful
  6293 | D:7      | Danger: guardian serpent shaped shifter |T2| Reason: Venom
                  | Bolt deals more than 50% MHP!
  6297 | D:7      | Danger: guardian serpent shaped shifter |T2| Reason: Slow
                  | and low Will, careful
  6297 | D:7      | Danger: guardian serpent shaped shifter |T2| Reason: Venom
                  | Bolt deals more than 50% MHP!
  6297 | D:7      | XOM: potion effect (invisibility)
  6304 | D:7      | a guardian serpent changed into an elephant
  6304 | D:7      | Noticed an elephant (shapeshifter)
  6307 | D:7      | XOM: potion effect (heal wounds)
  6310 | D:7      | XOM: silly message
  6312 | D:7      | an elephant changed into a swamp worm
  6315 | D:7      | Danger: Low HP Warning |T2| Reason: 55% HP (35/63)
  6316 | D:7      | Danger: Low HP Warning |T2| Reason: 42% HP (27/63)
  6317 | D:7      | Reached skill level 7 in Ranged Weapons
  6334 | D:6      | Danger: two-headed ogre |T2| Reason: OOD monster, careful!
  6466 | D:7      | Found a snail-covered altar of Cheibriados.
  6527 | D:8      | Noticed a two-headed ogre
  6578 | D:8      | Danger: Low HP Warning |T2| Reason: 55% HP (36/65)
  6579 | D:8      | Danger: Low HP Warning |T2| Reason: 56% HP (37/65)
  6579 | D:8      | HP: 2/65 [two-headed ogre/+0 giant spiked club (17)]
  6579 | D:8      | XOM: butterfly on damage
  6580 | D:8      | Danger: Low HP Warning |T3| Reason: 3% HP (2/65)
  6581 | D:8      | Danger: Low HP Warning |T3| Reason: 4% HP (3/65)
  6582 | D:8      | Danger: Low HP Warning |T3| Reason: 6% HP (4/65)
  6591 | D:8      | XOM: noise
  6596 | D:8      | Danger: Low HP Warning |T2| Reason: 29% HP (19/65)
  6656 | D:8      | Danger: orc |T2| Reason: Quivering boomerangs, careful!
  6743 | D:8      | Danger: acid dragon |T2| Reason: Spit Acid deals more than
                  | 50% MHP!
  6748 | D:8      | Danger: acid dragon |T2| Reason: Spit Acid deals more than
                  | 50% MHP!
  6752 | D:8      | Reached skill level 5 in Fighting
  6774 | D:8      | XOM: potion effect (might)
  6775 | D:8      | XOM: summons 3 hostile shadow creatures
  6875 | D:8      | XOM: enchant monster (good)
  6923 | D:8      | XOM: cloud trail
  6950 | D:8      | Found a runed translucent gate.
  6950 | D:8      | Found a runed translucent gate.
  6951 | D:8      | Noticed a nine-headed hydra
  6951 | D:8      | Noticed an 11-headed hydra
  6952 | D:8      | Noticed Triskal's ghost (novice MeCA)
  6954 | D:8      | Found a runed translucent gate.
  7086 | D:8      | Noticed an orange demon
  7099 | D:8      | XOM: cleaving
  7100 | D:8      | an orange demon changed into a rust devil
  7100 | D:8      | Noticed a rust devil
  7100 | D:8      | XOM: polymorph orange demon -> rust devil
  7112 | D:8      | XOM: divination: detect creatures
  7121 | D:8      | a rust devil changed into a hellwing
  7121 | D:8      | Noticed a hellwing
  7121 | D:8      | XOM: polymorph rust devil -> hellwing
  7190 | D:9      | XOM: cast spell 'Alistair's Intoxication'
  7258 | D:8      | XOM: god gift: +0 helmet of intelligence
  7386 | D:9      | Noticed Psyche
  7387 | D:9      | Danger: Psyche |T2| Reason: Unique monster, careful!
  7391 | D:9      | Killed Psyche
  7439 | D:9      | Noticed a two-headed ogre
  7448 | D:9      | Killed a two-headed ogre
  7449 | D:9      | Reached skill level 8 in Ranged Weapons
  7449 | D:9      | Reached XP level 10. HP: 67/79 MP: 10/10
  7466 | D:9      | XOM: 3-stop teleportation journey
  7736 | D:9      | XOM: god gift: scroll labelled PEIMOQ MUIRCH {god gift}
  7795 | D:9      | XOM: 2-stop teleportation journey
  7873 | D:9      | XOM: enchant monster (good)
  7876 | D:9      | XOM: polymorph killer bee -> howler monkey
  7882 | D:9      | Reached skill level 9 in Ranged Weapons
  7996 | D:9      | XOM: noise
  8012 | D:9      | XOM: 3-stop teleportation journey
  8118 | D:9      | XOM: noise
  8184 | D:9      | Danger: acid dragon |T2| Reason: Spit Acid deals more than
                  | 50% MHP!
  8186 | D:9      | Danger: Low HP Warning |T2| Reason: 56% HP (45/79)
  8187 | D:9      | Danger: Low HP Warning |T2| Reason: 58% HP (46/79)
  8287 | D:9      | Found a staircase to the Lair.
  8531 | D:10     | Entered Level 10 of the Dungeon
  8616 | D:10     | Reached skill level 10 in Ranged Weapons
  8695 | D:10     | Noticed a two-headed ogre
  8698 | D:10     | XOM: potion effect (brilliance)
  8699 | D:10     | Killed a two-headed ogre
  8898 | D:10     | XOM: repel stairs
  8907 | D:10     | Reached skill level 5 in Dodging
  8941 | D:10     | XOM: summons 2 hostile shadow creatures
  8942 | D:10     | Danger: orc warrior |T2| Reason: Quivering boomerangs,
                  | careful!
  9013 | D:10     | XOM: noise
  9070 | D:10     | Danger: orc |T2| Reason: Quivering boomerangs, careful!
  9391 | D:11     | Danger: gnoll |T3| Reason: Quivering throwing nets, watch
                  | out!
  9418 | D:11     | Noticed Maurice
  9419 | D:11     | Danger: Maurice |T2| Reason: Unique monster, careful!
  9419 | D:11     | Danger: Maurice |T2| Reason: carrying a wand of mindburst
                  | (1), careful!
  9419 | D:11     | Maurice changed into Maurice the jelly
  9419 | D:11     | Noticed Maurice
  9421 | D:11     | Killed Maurice the jelly
  9466 | D:11     | Found a frozen archway.
  9486 | IceCv    | Entered an ice cave
  9486 | IceCv    | Noticed a white ugly thing
  9486 | IceCv    | XOM: polymorph white ugly thing -> cyan ugly thing
  9491 | IceCv    | XOM: divination: detect creatures
  9513 | D:11     | Reached skill level 1 in Throwing
  9558 | D:11     | Noticed a white ugly thing
  9558 | D:11     | XOM: 1-stop teleportation journey
  9575 | D:11     | Killed a white ugly thing
  9576 | D:11     | Reached XP level 11. HP: 73/84 MP: 11/11
  9618 | D:11     | Danger: cyclops |T2| Reason: Quivering large rocks, watch
                  | out!!
  9622 | D:11     | Danger: cyclops |T2| Reason: Quivering large rocks, watch
                  | out!!
  9624 | D:11     | XOM: summons friendly crimson imp
  9625 | D:11     | Danger: Low HP Warning |T2| Reason: 39% HP (33/84)
  9626 | D:11     | Danger: Low HP Warning |T3| Reason: 21% HP (18/84)
  9627 | D:11     | Danger: Low HP Warning |T3| Reason: 22% HP (19/84)
  9628 | D:11     | Danger: Low HP Warning |T3| Reason: 23% HP (20/84)
  9629 | D:11     | Danger: Low HP Warning |T3| Reason: 25% HP (21/84)
  9630 | D:11     | Danger: Low HP Warning |T2| Reason: 26% HP (22/84)
  9802 | D:11     | Noticed a boulder beetle
  9805 | D:11     | XOM: enchant monster (good)
  9807 | D:11     | XOM: summons friendly shadow imp
  9820 | D:11     | Killed a boulder beetle
  9891 | D:11     | Noticed a two-headed ogre
  9899 | D:11     | XOM: 2-stop teleportation journey
  9920 | D:11     | Danger: cyclops |T2| Reason: Quivering large rocks, watch
                  | out!!
  9923 | D:11     | Danger: cyclops |T2| Reason: Quivering large rocks, watch
                  | out!!
  9923 | D:11     | XOM: scenery: create altars
  9951 | D:11     | XOM: summons 11 friendly demons
  9952 | D:11     | Danger: cyclops |T2| Reason: Quivering large rocks, watch
                  | out!!
 10163 | D:11     | XOM: fog
 10170 | D:11     | Killed a two-headed ogre
 10212 | D:11     | XOM: scenery: summon butterflies
 10287 | D:9      | XOM: 1-stop teleportation journey
 10376 | Lair:1   | Entered Level 1 of the Lair of Beasts
 10444 | Lair:1   | XOM: scenery: 2 doors open
 10474 | Lair:1   | XOM: god gift: condenser vane
 10513 | Lair:1   | XOM: destruction
 10562 | Lair:1   | XOM: enchant monster (good)
 10634 | Lair:1   | Reached skill level 5 in Evocations
 10699 | Lair:1   | XOM: noise
 10716 | Lair:1   | XOM: summons 2 friendly demons
 10813 | Lair:1   | Danger: basilisk |T3| Reason: Petrify and low Will
 10814 | Lair:1   | Danger: basilisk |T3| Reason: Petrify and low Will
 10815 | Lair:1   | Danger: basilisk |T3| Reason: Petrify and low Will
 10816 | Lair:1   | Danger: basilisk |T3| Reason: Petrify and low Will
 11022 | Lair:1   | Noticed an ice dragon
 11023 | Lair:1   | Danger: ice dragon |T2| Reason: Cold Breath and no rC
 11023 | Lair:1   | Danger: ice dragon |T2| Reason: Cold Breath deals more than
                  | 50% MHP!
 11028 | Lair:1   | Danger: ice dragon |T2| Reason: Cold Breath deals more than
                  | 50% MHP!
 11028 | Lair:1   | XOM: cleaving
 11030 | Lair:1   | XOM: enchant monster (good)
 11100 | Lair:2   | Reached XP level 12. HP: 74/91 MP: 12/12
 11129 | Lair:2   | XOM: scenery: summon butterflies
 11221 | Lair:2   | Danger: Low HP Warning |T2| Reason: 60% HP (55/91)
 11221 | Lair:2   | XOM: swap monsters
 11221 | Lair:2   | HP: 4/91 [oklob plant/splash of acid (30)]
 11221 | Lair:2   | XOM: butterfly on damage
 11222 | Lair:2   | Danger: oklob plant |T3| Reason: IMMINENT DEATH: Spit Acid
                  | deals 42 damage, you have 4 HP!!
 11222 | Lair:2   | Danger: oklob plant |T3| Reason: IMMINENT DEATH: Spit Acid
                  | deals 42 damage, you have 4 HP!!
 11222 | Lair:2   | Danger: Low HP Warning |T3| Reason: 4% HP (4/91)
 11223 | Lair:2   | Danger: oklob plant |T3| Reason: IMMINENT DEATH: Spit Acid
                  | deals 42 damage, you have 5 HP!!
 11223 | Lair:2   | Danger: Low HP Warning |T3| Reason: 5% HP (5/91)
 11420 | Lair:2   | Danger: Low HP Warning |T2| Reason: 47% HP (43/91)
 11421 | Lair:2   | Danger: Low HP Warning |T2| Reason: 36% HP (33/91)
 11519 | Lair:2   | XOM: enchant monster (good)
 11522 | Lair:2   | Found a hole to the Spider Nest.
 11532 | Lair:2   | XOM: god gift: 4 silver javelins
 11535 | Lair:2   | XOM: enchant monster (good)
 11545 | Lair:2   | XOM: potion effect (might)
 11559 | Lair:2   | Danger: Low HP Warning |T2| Reason: 58% HP (53/91)
 11560 | Lair:2   | Danger: Low HP Warning |T2| Reason: 59% HP (54/91)
 11594 | Lair:2   | XOM: fog
 11610 | Lair:2   | XOM: blink monster(s)
 11615 | Lair:2   | Reached skill level 11 in Ranged Weapons
 11700 | Lair:2   | XOM: god gift: lumpy red potion {god gift}
 11934 | Lair:2   | Found a staircase to the Swamp.
 11934 | Lair:2   | Noticed a ghost crab
 11935 | Lair:2   | XOM: fake destruction
 11941 | Lair:2   | XOM: confuse monster(s)
 11967 | Lair:2   | Killed a ghost crab
 12097 | Lair:2   | XOM: summons friendly ufetubus
 12174 | Lair:3   | Danger: rime drake |T2| Reason: Flash Freeze (3d13) and not
                  | rC+, careful!
 12177 | Lair:3   | Noticed a catoblepas
 12179 | Lair:3   | Danger: basilisk |T3| Reason: Petrify and low Will
 12190 | Lair:3   | Killed a catoblepas
 12191 | Lair:3   | Reached skill level 12 in Ranged Weapons
 12191 | Lair:3   | Danger: basilisk |T3| Reason: Petrify and low Will
 12194 | Lair:3   | Danger: basilisk |T3| Reason: Petrify and low Will
 12195 | Lair:3   | Danger: basilisk |T3| Reason: Petrify and low Will
 12196 | Lair:3   | Danger: basilisk |T3| Reason: Petrify and low Will
 12198 | Lair:3   | Danger: basilisk |T3| Reason: Petrify and low Will
 12199 | Lair:3   | Danger: basilisk |T3| Reason: Petrify and low Will
 12200 | Lair:3   | Danger: basilisk |T3| Reason: Petrify and low Will
 12201 | Lair:3   | Danger: basilisk |T3| Reason: Petrify and low Will
 12202 | Lair:3   | Danger: basilisk |T3| Reason: Petrify and low Will
 12203 | Lair:3   | Danger: basilisk |T3| Reason: Petrify and low Will
 12204 | Lair:3   | Danger: basilisk |T3| Reason: Petrify and low Will
 12205 | Lair:3   | Danger: basilisk |T3| Reason: Petrify and low Will
 12206 | Lair:3   | Danger: basilisk |T3| Reason: Petrify and low Will
 12207 | Lair:3   | Danger: basilisk |T3| Reason: Petrify and low Will
 12220 | Lair:3   | XOM: scenery: 2 fountains blood, 1 doors open
 12296 | Lair:3   | XOM: god gift: Xom's Incunable of the Wasteland {god gift}
 12297 | Lair:3   | Got Xom's Incunable of the Wasteland {god gift}
 12319 | Lair:3   | Noticed a death yak
 12322 | Lair:3   | XOM: scenery: 2 fountains blood, 2 doors open
 12324 | Lair:3   | XOM: summons 2 friendly demons
 12391 | Lair:3   | XOM: summons friendly red devil
 12393 | Lair:3   | Noticed a death yak
 12394 | Lair:3   | Noticed Urug
 12395 | Lair:3   | Danger: Urug |T2| Reason: Quivering javelins, watch out!
 12395 | Lair:3   | Danger: Urug |T2| Reason: Unique monster, careful!
 12395 | Lair:3   | Killed a death yak
 12400 | Lair:3   | Danger: torpor snail |T2| Reason: OOD monster, careful!
 12400 | Lair:3   | Killed Urug
 12402 | Lair:3   | Danger: torpor snail |T2| Reason: OOD monster, careful!
 12409 | Lair:3   | Killed a death yak
 12410 | Lair:3   | Reached skill level 13 in Ranged Weapons
 12410 | Lair:3   | Gained mutation: You are strongly in touch with the powers
                  | of death. [Mummy growth]
 12410 | Lair:3   | Reached XP level 13. HP: 74/96 MP: 13/13
 12426 | Lair:3   | Danger: torpor snail |T2| Reason: OOD monster, careful!
 12464 | Lair:3   | Noticed Snorg
 12465 | Lair:3   | Danger: Snorg |T2| Reason: Unique monster, careful!
 12476 | Lair:3   | Killed Snorg
 12734 | Lair:3   | XOM: summons friendly rust devil
 12742 | Lair:3   | XOM: butterfly on damage
 12792 | Lair:3   | XOM: polymorph rust devil -> ice devil
 12980 | Lair:3   | Reached skill level 14 in Ranged Weapons
 13062 | Lair:3   | XOM: god gift: amulet of reflection
 13177 | Lair:3   | XOM: scenery: create altars
 13231 | Lair:3   | XOM: summons friendly ufetubus
 13294 | Lair:3   | XOM: god gift: battleaxe {god gift}
 13342 | Lair:4   | Found a staircase to the Slime Pits.
 13342 | Lair:4   | Found a viscous altar of Jiyva.
 13410 | Lair:4   | Noticed Rupert
 13411 | Lair:4   | Danger: Rupert |T3| Reason: Paralyse and low Will
 13411 | Lair:4   | Danger: Rupert |T2| Reason: Unique monster, careful!
 13411 | Lair:4   | Danger: Rupert |T3| Reason: wielding holy wrath while
                  | unholy, watch out!!
 13452 | Lair:4   | XOM: scenery: summon butterflies
 13461 | Lair:4   | XOM: divination: magic mapping
 13524 | Lair:4   | XOM: 2-stop teleportation journey
 13605 | Lair:4   | XOM: enchant monster (good)
 13634 | Lair:4   | XOM: silly message
 13979 | Lair:5   | Entered Level 5 of the Lair of Beasts
 14031 | Lair:5   | XOM: god gift: phantom mirror
 14086 | Lair:5   | XOM: confuse monster(s)
 14095 | Lair:5   | XOM: scenery: create altars
 14114 | Lair:5   | XOM: fog
 14313 | Lair:5   | XOM: cast spell 'Summon Horrible Things'
 14356 | Lair:5   | XOM: scenery: create altars
 14359 | Lair:5   | XOM: destruction
 14399 | Lair:5   | XOM: scenery: summon butterflies
 14431 | Lair:5   | XOM: scenery: summon butterflies
 14483 | Lair:5   | XOM: 3-stop teleportation journey
 14523 | Lair:5   | XOM: fog
 14543 | Lair:5   | XOM: cleaving
 14546 | Lair:5   | XOM: 1-stop teleportation journey
 14566 | Lair:5   | XOM: summons friendly white imp
 14570 | Lair:5   | XOM: summons 3 friendly demons
 14574 | Lair:5   | Danger: Low HP Warning |T2| Reason: 59% HP (57/96)
 14575 | Lair:5   | Danger: Low HP Warning |T2| Reason: 56% HP (54/96)
 14576 | Lair:5   | Danger: Low HP Warning |T2| Reason: 57% HP (55/96)
 14577 | Lair:5   | Danger: Low HP Warning |T2| Reason: 50% HP (48/96)
 14578 | Lair:5   | Reached skill level 10 in Dodging
 14578 | Lair:5   | Danger: Low HP Warning |T2| Reason: 50% HP (48/96)
 14579 | Lair:5   | Danger: Low HP Warning |T2| Reason: 40% HP (39/96)
 14580 | Lair:5   | Danger: Low HP Warning |T2| Reason: 41% HP (40/96)
 14581 | Lair:5   | Danger: Low HP Warning |T2| Reason: 42% HP (41/96)
 14620 | Lair:5   | XOM: polymorph spriggan rider -> glowing orange brain
 14645 | Lair:5   | XOM: 2-stop teleportation journey
 14654 | Lair:5   | XOM: polymorph yak -> harpy
 14657 | Lair:5   | XOM: cleaving
 14672 | Lair:5   | Reached XP level 14. HP: 70/103 MP: 14/14
 14775 | Lair:5   | XOM: cloud trail
 14844 | Lair:5   | Danger: rime drake |T2| Reason: Flash Freeze (3d13) and not
                  | rC+, careful!
 14910 | Lair:5   | XOM: enchant monster (good)
 14912 | Lair:5   | XOM: cast spell 'Cause Fear'
 14918 | Lair:5   | XOM: divination: detect creatures
 14928 | Lair:5   | XOM: enchant monster (good)
 14929 | Lair:5   | Danger: Low HP Warning |T2| Reason: 58% HP (60/103)
 14930 | Lair:5   | Danger: Low HP Warning |T2| Reason: 53% HP (55/103)
 14931 | Lair:5   | Danger: Low HP Warning |T2| Reason: 40% HP (42/103)
 14932 | Lair:5   | Danger: Low HP Warning |T3| Reason: 17% HP (18/103)
 14933 | Lair:5   | Danger: Low HP Warning |T3| Reason: 18% HP (19/103)
 14934 | Lair:5   | Danger: Low HP Warning |T3| Reason: 19% HP (20/103)
 14935 | Lair:5   | Danger: Low HP Warning |T3| Reason: 20% HP (21/103)
 14936 | Lair:5   | Danger: Low HP Warning |T3| Reason: 22% HP (23/103)
 14937 | Lair:5   | Danger: Low HP Warning |T3| Reason: 23% HP (24/103)
 14938 | Lair:5   | Danger: Low HP Warning |T3| Reason: 24% HP (25/103)
 14957 | Lair:5   | Danger: Low HP Warning |T2| Reason: 45% HP (47/103)
 14957 | Lair:5   | XOM: cast spell 'Leda's Liquefaction'
 14958 | Lair:5   | Danger: Low HP Warning |T2| Reason: 46% HP (48/103)
 14959 | Lair:5   | Danger: Low HP Warning |T2| Reason: 47% HP (49/103)
 14960 | Lair:5   | Danger: Low HP Warning |T2| Reason: 48% HP (50/103)
 14961 | Lair:5   | Danger: Low HP Warning |T2| Reason: 49% HP (51/103)
 15042 | Lair:5   | XOM: enchant monster (bad)
 15043 | Lair:5   | XOM: confusion (+ monsters)
 15064 | Lair:5   | XOM: summons 1 hostile demon
 15065 | Lair:5   | XOM: smoke on damage
 15204 | Lair:5   | XOM: summons 8 hostile demons
 15292 | Lair:5   | XOM: 4-stop teleportation journey
 15316 | Lair:5   | XOM: cleaving
 15536 | Lair:2   | XOM: god gift: potion of might
 15599 | Lair:1   | Identified the staff of conjuration "Niqar" {rCorr Dex+5}
 15633 | Lair:1   | XOM: cloud trail
 15706 | Lair:1   | Danger: ice dragon |T2| Reason: Cold Breath deals more than
                  | 50% MHP!
 15793 | Lair:1   | XOM: silly message
 16001 | D:8      | Found a bloodstained altar of Trog.
 16009 | D:8      | Found a shimmering blue altar of Sif Muna.
 16026 | D:8      | XOM: silly message
 16085 | D:8      | XOM: silly message
 16129 | D:8      | Noticed Grum
 16130 | D:8      | Danger: Grum |T2| Reason: Unique monster, careful!
 16132 | D:8      | Killed Grum
 16141 | D:8      | Noticed Amaemon
 16142 | D:8      | Danger: Amaemon |T2| Reason: Unique monster, careful!
 16144 | D:8      | Danger: Amaemon |T2| Reason: Unique monster, careful!
 16146 | D:8      | XOM: silly message
 16148 | D:8      | XOM: enchant monster (good)
 16151 | D:8      | Killed Amaemon
 16448 | D:6      | Danger: wolf spider |T2| Reason: OOD monster, careful!
 16450 | D:6      | Danger: wolf spider |T2| Reason: OOD monster, careful!
 16463 | D:6      | Danger: two-headed ogre |T2| Reason: OOD monster, careful!
 16490 | D:6      | Danger: manticore |T2| Reason: OOD monster, careful!
 16505 | D:6      | Danger: vampire |T2| Reason: OOD monster, careful!
 16596 | D:6      | XOM: summons 3 hostile shadow creatures
 16729 | D:6      | Danger: kobold demonologist |T2| Reason: OOD monster,
                  | careful!
 16747 | D:6      | XOM: silly message
 16749 | D:6      | Danger: kobold demonologist |T2| Reason: OOD monster,
                  | careful!
 16755 | D:6      | Danger: kobold demonologist |T2| Reason: OOD monster,
                  | careful!
 16814 | D:5      | XOM: silly message
 16878 | D:3      | XOM: noise
 16881 | D:3      | Killed jimonade's ghost
 16929 | D:5      | XOM: summons 7 hostile demons
 16935 | D:5      | XOM: cloud trail
 17192 | D:12     | Danger: Low HP Warning |T2| Reason: 54% HP (58/106)
 17267 | D:12     | Danger: cyclops |T2| Reason: Quivering large rocks, watch
                  | out!!
 17271 | D:12     | Danger: Low HP Warning |T2| Reason: 56% HP (61/108)
 17272 | D:12     | Danger: Low HP Warning |T2| Reason: 57% HP (62/108)
 17273 | D:12     | Danger: Low HP Warning |T2| Reason: 58% HP (63/108)
 17274 | D:12     | Danger: Low HP Warning |T2| Reason: 59% HP (64/108)
 17275 | D:12     | Danger: Low HP Warning |T2| Reason: 57% HP (62/108)
 17276 | D:12     | Danger: Low HP Warning |T2| Reason: 58% HP (63/108)
 17276 | D:12     | XOM: summons 9 friendly demons
 17277 | D:12     | Danger: Low HP Warning |T2| Reason: 45% HP (49/108)
 17278 | D:12     | Danger: Low HP Warning |T2| Reason: 41% HP (45/108)
 17279 | D:12     | Danger: Low HP Warning |T2| Reason: 42% HP (46/108)
 17280 | D:12     | Danger: Low HP Warning |T2| Reason: 43% HP (47/108)
 17281 | D:12     | Danger: gargoyle |T3| Reason: IMMINENT DEATH: Stone Arrow
                  | deals 36 damage, you have 32 HP!!
 17281 | D:12     | Danger: Low HP Warning |T2| Reason: 29% HP (32/108)
 17282 | D:12     | Danger: gargoyle |T3| Reason: IMMINENT DEATH: Stone Arrow
                  | deals 36 damage, you have 33 HP!!
 17282 | D:12     | Danger: Low HP Warning |T2| Reason: 30% HP (33/108)
 17283 | D:12     | Danger: gargoyle |T3| Reason: IMMINENT DEATH: Stone Arrow
                  | deals 36 damage, you have 34 HP!!
 17283 | D:12     | Danger: Low HP Warning |T2| Reason: 31% HP (34/108)
 17284 | D:12     | Danger: Low HP Warning |T2| Reason: 33% HP (36/108)
 17285 | D:12     | Danger: Low HP Warning |T2| Reason: 34% HP (37/108)
 17286 | D:12     | Danger: Low HP Warning |T2| Reason: 35% HP (38/108)
 17287 | D:12     | Danger: Low HP Warning |T2| Reason: 36% HP (39/108)
 17288 | D:12     | Danger: Low HP Warning |T2| Reason: 37% HP (40/108)
 17289 | D:12     | Danger: Low HP Warning |T2| Reason: 37% HP (41/108)
 17290 | D:12     | Danger: Low HP Warning |T2| Reason: 39% HP (43/108)
 17291 | D:12     | Danger: Low HP Warning |T2| Reason: 40% HP (44/108)
 17292 | D:12     | Danger: Low HP Warning |T2| Reason: 41% HP (45/108)
 17293 | D:12     | Danger: Low HP Warning |T2| Reason: 42% HP (46/108)
 17294 | D:12     | Danger: Low HP Warning |T2| Reason: 43% HP (47/108)
 17295 | D:12     | Danger: Low HP Warning |T2| Reason: 45% HP (49/108)
 17296 | D:12     | Danger: Low HP Warning |T2| Reason: 46% HP (50/108)
 17297 | D:12     | Danger: Low HP Warning |T2| Reason: 47% HP (51/108)
 17298 | D:12     | Danger: Low HP Warning |T2| Reason: 48% HP (52/108)
 17299 | D:12     | Danger: Low HP Warning |T2| Reason: 49% HP (53/108)
 17300 | D:12     | Danger: Low HP Warning |T2| Reason: 50% HP (54/108)
 17307 | D:12     | Danger: Low HP Warning |T2| Reason: 58% HP (63/108)
 17403 | D:12     | Danger: deep elf pyromancer |T2| Reason: Bolt of Fire and
                  | not rF+, careful
 17425 | D:12     | Found a staircase to the Orcish Mines.
 17612 | D:12     | XOM: summons 8 hostile demons
 17806 | D:12     | Acquired the ring "Xuxkumecso" {rF+ Will+}
 17840 | D:12     | Danger: meliai |T2| Reason: OOD monster, careful!
 17841 | D:12     | XOM: confusion
 17844 | D:12     | Danger: Low HP Warning |T2| Reason: 60% HP (66/109)
 17845 | D:12     | Danger: Low HP Warning |T2| Reason: 32% HP (35/109)
 17846 | D:12     | Danger: Low HP Warning |T3| Reason: 17% HP (19/109)
 17847 | D:12     | Danger: Low HP Warning |T3| Reason: 18% HP (20/109)
 17848 | D:12     | Danger: Low HP Warning |T3| Reason: 20% HP (22/109)
 17849 | D:12     | Danger: Low HP Warning |T3| Reason: 21% HP (23/109)
 17850 | D:12     | Danger: Low HP Warning |T3| Reason: 22% HP (24/109)
 17851 | D:12     | Danger: Low HP Warning |T3| Reason: 22% HP (25/109)
 17852 | D:12     | Danger: Low HP Warning |T3| Reason: 23% HP (26/109)
 17853 | D:12     | Danger: Low HP Warning |T3| Reason: 24% HP (27/109)
 17854 | D:12     | Danger: Low HP Warning |T3| Reason: 23% HP (26/109)
 17855 | D:12     | Danger: meliai |T2| Reason: OOD monster, careful!
 17855 | D:12     | Danger: Low HP Warning |T3| Reason: 25% HP (28/109)
 17856 | D:12     | Danger: Low HP Warning |T3| Reason: 19% HP (21/109)
 17857 | D:12     | Danger: Low HP Warning |T3| Reason: 20% HP (22/109)
 17857 | D:12     | XOM: enchant monster (good)
 17858 | D:12     | Danger: Low HP Warning |T3| Reason: 21% HP (23/109)
 17859 | D:12     | Danger: Low HP Warning |T3| Reason: 22% HP (24/109)
 17860 | D:12     | Danger: Low HP Warning |T3| Reason: 22% HP (25/109)
 17866 | D:12     | Danger: meliai |T2| Reason: OOD monster, careful!
 17866 | D:12     | Danger: Low HP Warning |T2| Reason: 30% HP (33/109)
 17867 | D:12     | Danger: Low HP Warning |T3| Reason: 24% HP (27/109)
 17868 | D:12     | Danger: Low HP Warning |T3| Reason: 25% HP (28/109)
 17870 | D:12     | Danger: Low HP Warning |T2| Reason: 27% HP (30/109)
 18083 | D:12     | Danger: meliai |T2| Reason: OOD monster, careful!
 18085 | D:12     | Danger: meliai |T2| Reason: OOD monster, careful!
 18244 | D:13     | XOM: 1-stop teleportation journey
 18252 | D:13     | Reached skill level 10 in Fighting
 18309 | D:13     | Danger: Low HP Warning |T2| Reason: 60% HP (66/110)
 18309 | D:13     | XOM: polymorph boulder beetle -> shapeshifter
 18310 | D:13     | Danger: Low HP Warning |T2| Reason: 60% HP (67/110)
 18335 | D:13     | Found a portal to a secret trove of treasure.
 18415 | D:13     | Noticed an ironbound preserver
 18416 | D:13     | Found a gate to the Vaults.
 18417 | D:13     | Danger: catoblepas |T2| Reason: OOD monster, careful!
 18421 | D:13     | XOM: enchant monster (good)
 18423 | D:13     | Danger: catoblepas |T2| Reason: OOD monster, careful!
 18423 | D:13     | XOM: summons friendly quasit
 18427 | D:13     | Danger: catoblepas |T2| Reason: OOD monster, careful!
 18437 | D:13     | Danger: Low HP Warning |T2| Reason: 44% HP (49/110)
 18438 | D:13     | Danger: Low HP Warning |T2| Reason: 42% HP (47/110)
 18439 | D:13     | Danger: Low HP Warning |T2| Reason: 43% HP (48/110)
 18440 | D:13     | Danger: Low HP Warning |T2| Reason: 42% HP (47/110)
 18441 | D:13     | Danger: Low HP Warning |T2| Reason: 43% HP (48/110)
 18442 | D:13     | Danger: Low HP Warning |T2| Reason: 44% HP (49/110)
 18443 | D:13     | Danger: Low HP Warning |T2| Reason: 45% HP (50/110)
 18444 | D:13     | Danger: Low HP Warning |T2| Reason: 46% HP (51/110)
 18445 | D:13     | Danger: Low HP Warning |T2| Reason: 47% HP (52/110)
 18446 | D:13     | Danger: Low HP Warning |T2| Reason: 47% HP (52/110)
 18447 | D:13     | Danger: Low HP Warning |T2| Reason: 48% HP (53/110)
 18448 | D:13     | Danger: Low HP Warning |T2| Reason: 49% HP (54/110)
 18449 | D:13     | Danger: Low HP Warning |T2| Reason: 50% HP (55/110)
 18450 | D:13     | Danger: Low HP Warning |T2| Reason: 51% HP (57/110)
 18451 | D:13     | Danger: Low HP Warning |T2| Reason: 52% HP (58/110)
 18452 | D:13     | Danger: Low HP Warning |T2| Reason: 53% HP (59/110)
 18517 | D:13     | Noticed a vampire knight
 18517 | D:13     | XOM: 6-stop teleportation journey
 18536 | D:13     | Danger: cyclops |T2| Reason: Quivering large rocks, watch
                  | out!!
 18562 | D:13     | Killed an ironbound preserver
 18830 | D:13     | Danger: centaur warrior simulacrum |T2| Reason: OOD
                  | monster, careful!
 18833 | D:13     | Danger: centaur warrior simulacrum |T2| Reason: OOD
                  | monster, careful!
 18860 | D:13     | Danger: vampire knight |T2| Reason: OOD monster, careful!
 18865 | D:13     | Danger: fire dragon |T2| Reason: OOD monster, careful!
 18865 | D:13     | Danger: fire dragon |T2| Reason: Fire Breath and not rF+,
                  | careful
 18865 | D:13     | Danger: fire dragon |T2| Reason: Fire Breath deals more
                  | than 50% MHP!
 18886 | D:12     | Danger: meliai |T2| Reason: OOD monster, careful!
 18917 | Orc:1    | Entered Level 1 of the Orcish Mines
 18936 | Orc:1    | Danger: orc warrior |T2| Reason: Quivering boomerangs,
                  | careful!
 19176 | Orc:1    | Danger: orc warrior |T2| Reason: Quivering boomerangs,
                  | careful!
 19209 | Orc:1    | Danger: orc warrior |T2| Reason: Quivering boomerangs,
                  | careful!
 19216 | Orc:1    | Danger: orc warrior |T2| Reason: Quivering boomerangs,
                  | careful!
 19256 | Orc:1    | XOM: noise
 19269 | Orc:1    | Danger: orc warrior |T2| Reason: Quivering boomerangs,
                  | careful!
 19270 | Orc:1    | Danger: orc |T2| Reason: Quivering boomerangs, careful!
 19272 | Orc:1    | XOM: divine lightning
 19288 | Orc:1    | Danger: Low HP Warning |T2| Reason: 51% HP (57/110)
 19289 | Orc:1    | Danger: Low HP Warning |T2| Reason: 40% HP (44/110)
 19290 | Orc:1    | Danger: Low HP Warning |T2| Reason: 41% HP (46/110)
 19291 | Orc:1    | Danger: orc |T2| Reason: Quivering boomerangs, careful!
 19291 | Orc:1    | Danger: Low HP Warning |T2| Reason: 35% HP (39/110)
 19292 | Orc:1    | Danger: orc priest |T3| Reason: IMMINENT DEATH: Smiting
                  | deals 17 damage, you have 13 HP!!
 19292 | Orc:1    | Danger: orc priest |T3| Reason: IMMINENT DEATH: Smiting
                  | deals 17 damage, you have 13 HP!!
 19292 | Orc:1    | Danger: Low HP Warning |T3| Reason: 11% HP (13/110)
 19308 | Orc:1    | Danger: Low HP Warning |T2| Reason: 29% HP (32/110)
 19309 | Orc:1    | Danger: Low HP Warning |T2| Reason: 30% HP (33/110)
 19310 | Orc:1    | Danger: Low HP Warning |T2| Reason: 30% HP (34/110)
 19311 | Orc:1    | Danger: Low HP Warning |T2| Reason: 31% HP (35/110)
 19458 | Orc:1    | XOM: scenery: create altars
 19521 | Orc:1    | Danger: orc |T2| Reason: Quivering boomerangs, careful!
 19521 | Orc:1    | XOM: summons friendly crimson imp
 19530 | Orc:1    | Danger: Low HP Warning |T2| Reason: 49% HP (54/110)
 19531 | Orc:1    | Danger: Low HP Warning |T2| Reason: 39% HP (43/110)
 19532 | Orc:1    | Danger: Low HP Warning |T2| Reason: 40% HP (44/110)
 19533 | Orc:1    | Danger: Low HP Warning |T2| Reason: 40% HP (45/110)
 19534 | Orc:1    | Danger: Low HP Warning |T2| Reason: 31% HP (35/110)
 19535 | Orc:1    | Danger: Low HP Warning |T2| Reason: 32% HP (36/110)
 19536 | Orc:1    | Danger: Low HP Warning |T2| Reason: 33% HP (37/110)
 19537 | Orc:1    | Danger: Low HP Warning |T2| Reason: 35% HP (39/110)
 19553 | Orc:1    | XOM: polymorph juvenile weirdshock beast -> salamander
 19567 | Orc:1    | XOM: god gift: 4 stones
 19640 | Orc:2    | Entered Level 2 of the Orcish Mines
 19640 | Orc:2    | Found a staircase to the Elven Halls.
 19926 | Orc:2    | Danger: orc warrior |T2| Reason: Quivering boomerangs,
                  | careful!
 19937 | Orc:2    | Danger: orc warrior |T2| Reason: Quivering boomerangs,
                  | careful!
 19942 | Orc:2    | Danger: Low HP Warning |T2| Reason: 60% HP (67/110)
 19943 | Orc:2    | Danger: Low HP Warning |T2| Reason: 60% HP (67/110)
 19943 | Orc:2    | XOM: confuse monster(s)
 19985 | Orc:2    | Reached skill level 5 in Stealth
 19991 | Orc:2    | XOM: fake destruction
 20007 | Orc:2    | XOM: confuse monster(s)
 20021 | Orc:2    | XOM: chaos cloud
 20261 | Orc:2    | Noticed Saint Roka
 20262 | Orc:2    | Danger: orc warrior |T2| Reason: Quivering boomerangs,
                  | careful!
 20262 | Orc:2    | Danger: Saint Roka |T2| Reason: Unique monster, careful!
 20269 | Orc:2    | Danger: orc warrior |T2| Reason: Quivering boomerangs,
                  | careful!
 20269 | Orc:2    | Danger: Saint Roka |T2| Reason: Unique monster, careful!
 20271 | Orc:2    | Saint Roka changed into Saint Roka the iron dragon
 20271 | Orc:2    | Noticed Saint Roka
 20271 | Orc:2    | XOM: polymorph Saint Roka -> Saint Roka the iron dragon
 20272 | Orc:2    | Danger: Saint Roka the iron dragon |T2| Reason: Metal
                  | Splinters deals more than 50% MHP!
 20286 | Orc:2    | Danger: orc warrior |T2| Reason: Quivering boomerangs,
                  | careful!
 20289 | Orc:2    | Danger: Saint Roka the iron dragon |T2| Reason: Metal
                  | Splinters deals more than 50% MHP!
 20406 | D:13     | Danger: freezing wraith |T2| Reason: OOD monster, careful!
 20410 | D:13     | Danger: freezing wraith |T2| Reason: OOD monster, careful!
 20465 | D:13     | Danger: wizard |T2| Reason: Fireball and not rF+, careful
 20465 | D:13     | Danger: wizard |T2| Reason: Fireball deals more than 50%
                  | MHP!
 20469 | D:13     | XOM: 2-stop teleportation journey
 20487 | D:13     | Danger: fire dragon |T2| Reason: OOD monster, careful!
 20487 | D:13     | Danger: fire dragon |T2| Reason: Fire Breath and not rF+,
                  | careful
 20487 | D:13     | Danger: fire dragon |T2| Reason: Fire Breath deals more
                  | than 50% MHP!
 20503 | D:13     | Reached XP level 15. HP: 76/115 MP: 15/15
 20506 | D:13     | Danger: Low HP Warning |T2| Reason: 54% HP (63/115)
 20508 | D:13     | XOM: silly message
 20516 | D:13     | Danger: Low HP Warning |T2| Reason: 56% HP (65/115)
 20517 | D:13     | Danger: Low HP Warning |T2| Reason: 57% HP (66/115)
 20518 | D:13     | Danger: Low HP Warning |T2| Reason: 58% HP (67/115)
 20523 | D:13     | Danger: Low HP Warning |T2| Reason: 53% HP (62/115)
 20524 | D:13     | Danger: Low HP Warning |T2| Reason: 54% HP (63/115)
 20597 | D:13     | Danger: basilisk |T3| Reason: Petrify and low Will
 20598 | D:13     | Danger: basilisk |T3| Reason: Petrify and low Will
 20599 | D:13     | Danger: basilisk |T3| Reason: Petrify and low Will
 20600 | D:13     | Danger: basilisk |T3| Reason: Petrify and low Will
 20652 | D:13     | Danger: vampire knight |T2| Reason: OOD monster, careful!
 20653 | D:13     | XOM: smoke on damage
 20654 | D:13     | XOM: confuse monster(s)
 20658 | D:13     | Danger: Low HP Warning |T2| Reason: 57% HP (66/115)
 20659 | D:13     | Danger: Low HP Warning |T2| Reason: 40% HP (47/115)
 20660 | D:13     | Danger: Low HP Warning |T2| Reason: 41% HP (48/115)
 20661 | D:13     | Danger: Low HP Warning |T2| Reason: 42% HP (49/115)
 20662 | D:13     | Danger: Low HP Warning |T2| Reason: 43% HP (50/115)
 20663 | D:13     | Danger: Low HP Warning |T2| Reason: 44% HP (51/115)
 20664 | D:13     | Danger: Low HP Warning |T2| Reason: 45% HP (52/115)
 20665 | D:13     | Danger: Low HP Warning |T2| Reason: 46% HP (53/115)
 20666 | D:13     | Danger: Low HP Warning |T2| Reason: 46% HP (54/115)
 20667 | D:13     | Danger: Low HP Warning |T2| Reason: 47% HP (55/115)
 20668 | D:13     | Danger: Low HP Warning |T2| Reason: 26% HP (31/115)
 20669 | D:13     | Danger: Low HP Warning |T2| Reason: 27% HP (32/115)
 20670 | D:13     | Danger: Low HP Warning |T2| Reason: 28% HP (33/115)
 20671 | D:13     | Danger: Low HP Warning |T2| Reason: 30% HP (35/115)
 20672 | D:13     | Danger: Low HP Warning |T2| Reason: 30% HP (35/115)
 20673 | D:13     | Danger: Low HP Warning |T2| Reason: 32% HP (37/115)
 20674 | D:13     | Danger: Low HP Warning |T2| Reason: 33% HP (38/115)
 20675 | D:13     | Danger: Low HP Warning |T2| Reason: 33% HP (39/115)
 20760 | D:13     | Danger: fire dragon |T2| Reason: OOD monster, careful!
 20760 | D:13     | Danger: fire dragon |T2| Reason: Fire Breath and not rF+,
                  | careful
 20760 | D:13     | Danger: fire dragon |T2| Reason: Fire Breath deals more
                  | than 50% MHP!
 20776 | D:13     | XOM: potion effect (haste)
 20779 | D:13     | XOM: noise
 20825 | D:13     | XOM: cloud trail
 21006 | D:13     | Danger: tengu conjurer |T2| Reason: Lightning Bolt and no
                  | rElec
 21017 | D:13     | Danger: vampire knight |T2| Reason: OOD monster, careful!
 21017 | D:13     | XOM: summons friendly crimson imp
 21023 | D:13     | XOM: smoke on damage
 21024 | D:13     | Danger: Low HP Warning |T2| Reason: 44% HP (51/115)
 21025 | D:13     | Danger: Low HP Warning |T2| Reason: 45% HP (52/115)
 21026 | D:13     | Danger: Low HP Warning |T2| Reason: 46% HP (54/115)
 21027 | D:13     | Danger: Low HP Warning |T2| Reason: 46% HP (54/115)
 21028 | D:13     | Danger: Low HP Warning |T2| Reason: 45% HP (52/115)
 21029 | D:13     | Danger: vampire knight |T3| Reason: IMMINENT DEATH:
                  | Vampiric Draining deals 30 damage, you have 7 HP!!
 21029 | D:13     | Danger: Low HP Warning |T3| Reason: 6% HP (7/115)
 21259 | D:13     | Acquired a manual of Ranged Weapons
 21353 | D:13     | XOM: god gift: ring mail {god gift}
 21377 | D:14     | Danger: Low HP Warning |T2| Reason: 55% HP (64/115)
 21378 | D:14     | Danger: Low HP Warning |T2| Reason: 57% HP (66/115)
 21379 | D:14     | Danger: Low HP Warning |T2| Reason: 51% HP (59/115)
 21380 | D:14     | Danger: Low HP Warning |T2| Reason: 31% HP (36/115)
 21382 | D:14     | Danger: Low HP Warning |T2| Reason: 30% HP (35/115)
 21383 | D:14     | Danger: Low HP Warning |T2| Reason: 31% HP (36/115)
 21384 | D:14     | Danger: Low HP Warning |T2| Reason: 32% HP (37/115)
 21385 | D:14     | Danger: Low HP Warning |T2| Reason: 26% HP (30/115)
 21386 | D:14     | Danger: Low HP Warning |T3| Reason: 17% HP (20/115)
 21387 | D:14     | Danger: Low HP Warning |T3| Reason: 18% HP (21/115)
 21388 | D:14     | Danger: Low HP Warning |T3| Reason: 19% HP (22/115)
 21576 | D:14     | XOM: god gift: 54 gold pieces
 21620 | D:14     | Danger: cyclops |T2| Reason: Quivering large rocks, watch
                  | out!!
 21623 | D:14     | XOM: cast spell 'Death Channel'
 21624 | D:14     | Danger: cyclops |T2| Reason: Quivering large rocks, watch
                  | out!!
 21670 | D:14     | Danger: Low HP Warning |T2| Reason: 59% HP (68/115)
 21671 | D:14     | Danger: Low HP Warning |T2| Reason: 46% HP (53/115)
 21672 | D:14     | Danger: Low HP Warning |T2| Reason: 34% HP (40/115)
 21673 | D:14     | Danger: Low HP Warning |T2| Reason: 35% HP (41/115)
 21674 | D:14     | Danger: Low HP Warning |T3| Reason: 22% HP (26/115)
 21677 | D:14     | Danger: Low HP Warning |T3| Reason: 25% HP (29/115)
 21678 | D:14     | Danger: Low HP Warning |T3| Reason: 20% HP (23/115)
 21679 | D:14     | Danger: Low HP Warning |T3| Reason: 20% HP (24/115)
 21786 | D:14     | XOM: 3-stop teleportation journey
 21898 | D:14     | XOM: god gift: 35 gold pieces
 21910 | D:14     | XOM: cleaving
 21920 | D:14     | XOM: summons friendly ufetubus
 21929 | D:14     | Danger: Low HP Warning |T2| Reason: 59% HP (68/115)
 21930 | D:14     | Danger: Low HP Warning |T2| Reason: 52% HP (60/115)
 21931 | D:14     | Danger: Low HP Warning |T2| Reason: 36% HP (42/115)
 21932 | D:14     | Danger: Low HP Warning |T2| Reason: 37% HP (43/115)
 21933 | D:14     | Danger: Low HP Warning |T2| Reason: 38% HP (44/115)
 21993 | D:14     | XOM: cloud trail
 22080 | D:14     | XOM: scenery: 2 doors close
 22098 | D:14     | Identified the ring "Fogo" {rPois rF+ Int+6} (Xom gifted it
                  | to you on level 14 of the Dungeon)
 22098 | D:14     | XOM: god gift: ring "Fogo" {rPois rF+ Int+6}
 22198 | D:15     | Entered Level 15 of the Dungeon
 22199 | D:15     | Found a radiant altar of Vehumet.
 22202 | D:15     | Danger: deep elf pyromancer |T2| Reason: Bolt of Fire and
                  | not rF+, careful
 22282 | D:15     | XOM: summons friendly quasit
 22285 | D:15     | XOM: confuse monster(s)
 22288 | D:15     | XOM: summons 13 friendly demons
 22299 | D:15     | Reached skill level 15 in Ranged Weapons
 22405 | D:15     | XOM: 3-stop teleportation journey
 22462 | D:15     | Danger: cyclops |T2| Reason: Quivering large rocks, watch
                  | out!!
 22544 | D:15     | XOM: cleaving
 22545 | D:15     | Danger: fire dragon |T2| Reason: OOD monster, careful!
 22545 | D:15     | Danger: fire dragon |T2| Reason: Fire Breath and not rF+,
                  | careful
 22545 | D:15     | Danger: fire dragon |T2| Reason: Fire Breath deals more
                  | than 50% MHP!
 22545 | D:15     | Danger: ice dragon |T2| Reason: OOD monster, careful!
 22545 | D:15     | Danger: ice dragon |T2| Reason: Cold Breath deals more than
                  | 50% MHP!
 22549 | D:15     | Danger: fire dragon |T2| Reason: OOD monster, careful!
 22549 | D:15     | Danger: fire dragon |T2| Reason: Fire Breath and not rF+,
                  | careful
 22549 | D:15     | Danger: fire dragon |T2| Reason: Fire Breath deals more
                  | than 50% MHP!
 22551 | D:15     | Danger: fire dragon |T3| Reason: IMMINENT DEATH: Fire
                  | Breath deals 72 damage, you have 67 HP!!
 22551 | D:15     | Danger: Low HP Warning |T2| Reason: 58% HP (67/115)
 22553 | D:15     | Danger: fire dragon |T3| Reason: IMMINENT DEATH: Fire
                  | Breath deals 72 damage, you have 68 HP!!
 22553 | D:15     | Danger: Low HP Warning |T2| Reason: 59% HP (68/115)
 22554 | D:15     | Danger: fire dragon |T3| Reason: IMMINENT DEATH: Fire
                  | Breath deals 72 damage, you have 69 HP!!
 22554 | D:15     | Danger: Low HP Warning |T2| Reason: 60% HP (69/115)
 22555 | D:15     | Danger: fire dragon |T3| Reason: IMMINENT DEATH: Fire
                  | Breath deals 72 damage, you have 68 HP!!
 22555 | D:15     | Danger: Low HP Warning |T2| Reason: 59% HP (68/115)
 22556 | D:15     | Danger: fire dragon |T3| Reason: IMMINENT DEATH: Fire
                  | Breath deals 72 damage, you have 69 HP!!
 22556 | D:15     | Danger: Low HP Warning |T2| Reason: 60% HP (69/115)
 22557 | D:15     | Danger: fire dragon |T3| Reason: IMMINENT DEATH: Fire
                  | Breath deals 72 damage, you have 70 HP!!
 22557 | D:15     | Danger: ice dragon |T2| Reason: OOD monster, careful!
 22557 | D:15     | Danger: ice dragon |T2| Reason: Cold Breath deals more than
                  | 50% MHP!
 22557 | D:15     | Danger: ice dragon |T3| Reason: IMMINENT DEATH: Cold Breath
                  | deals 72 damage, you have 70 HP!!
 22557 | D:15     | Danger: Low HP Warning |T2| Reason: 60% HP (70/115)
 22558 | D:15     | Danger: fire dragon |T3| Reason: IMMINENT DEATH: Fire
                  | Breath deals 72 damage, you have 71 HP!!
 22558 | D:15     | Danger: ice dragon |T3| Reason: IMMINENT DEATH: Cold Breath
                  | deals 72 damage, you have 71 HP!!
 22559 | D:15     | Danger: ice dragon |T3| Reason: IMMINENT DEATH: Cold Breath
                  | deals 72 damage, you have 64 HP!!
 22559 | D:15     | Danger: Low HP Warning |T2| Reason: 55% HP (64/115)
 22560 | D:15     | Danger: ice dragon |T3| Reason: IMMINENT DEATH: Cold Breath
                  | deals 72 damage, you have 65 HP!!
 22560 | D:15     | Danger: Low HP Warning |T2| Reason: 56% HP (65/115)
 22561 | D:15     | Danger: ice dragon |T3| Reason: IMMINENT DEATH: Cold Breath
                  | deals 72 damage, you have 66 HP!!
 22561 | D:15     | Danger: Low HP Warning |T2| Reason: 57% HP (66/115)
 22562 | D:15     | Danger: ice dragon |T3| Reason: IMMINENT DEATH: Cold Breath
                  | deals 72 damage, you have 67 HP!!
 22562 | D:15     | Danger: Low HP Warning |T2| Reason: 58% HP (67/115)
 22563 | D:15     | Danger: ice dragon |T3| Reason: IMMINENT DEATH: Cold Breath
                  | deals 72 damage, you have 68 HP!!
 22563 | D:15     | Danger: Low HP Warning |T2| Reason: 59% HP (68/115)
 22564 | D:15     | Danger: ice dragon |T3| Reason: IMMINENT DEATH: Cold Breath
                  | deals 72 damage, you have 66 HP!!
 22564 | D:15     | Danger: Low HP Warning |T2| Reason: 57% HP (66/115)
 22565 | D:15     | Danger: ice dragon |T3| Reason: IMMINENT DEATH: Cold Breath
                  | deals 72 damage, you have 66 HP!!
 22565 | D:15     | Danger: Low HP Warning |T2| Reason: 57% HP (66/115)
 22566 | D:15     | Danger: ice dragon |T3| Reason: IMMINENT DEATH: Cold Breath
                  | deals 72 damage, you have 62 HP!!
 22566 | D:15     | Danger: Low HP Warning |T2| Reason: 53% HP (62/115)
 22567 | D:15     | Danger: ice dragon |T3| Reason: IMMINENT DEATH: Cold Breath
                  | deals 72 damage, you have 59 HP!!
 22567 | D:15     | Danger: Low HP Warning |T2| Reason: 51% HP (59/115)
 22568 | D:15     | Danger: ice dragon |T3| Reason: IMMINENT DEATH: Cold Breath
                  | deals 72 damage, you have 50 HP!!
 22568 | D:15     | Danger: Low HP Warning |T2| Reason: 43% HP (50/115)
 22569 | D:15     | Danger: ice dragon |T3| Reason: IMMINENT DEATH: Cold Breath
                  | deals 72 damage, you have 51 HP!!
 22569 | D:15     | Danger: Low HP Warning |T2| Reason: 44% HP (51/115)
 22570 | D:15     | Danger: ice dragon |T3| Reason: IMMINENT DEATH: Cold Breath
                  | deals 72 damage, you have 31 HP!!
 22570 | D:15     | Danger: Low HP Warning |T2| Reason: 26% HP (31/115)
 22571 | D:15     | Danger: ice dragon |T3| Reason: IMMINENT DEATH: Cold Breath
                  | deals 72 damage, you have 32 HP!!
 22571 | D:15     | Danger: Low HP Warning |T2| Reason: 27% HP (32/115)
 22572 | D:15     | Danger: ice dragon |T3| Reason: IMMINENT DEATH: Cold Breath
                  | deals 72 damage, you have 33 HP!!
 22572 | D:15     | Danger: Low HP Warning |T2| Reason: 28% HP (33/115)
 22573 | D:15     | Danger: ice dragon |T3| Reason: IMMINENT DEATH: Cold Breath
                  | deals 72 damage, you have 34 HP!!
 22573 | D:15     | Danger: Low HP Warning |T2| Reason: 29% HP (34/115)
 22574 | D:15     | Danger: ice dragon |T3| Reason: IMMINENT DEATH: Cold Breath
                  | deals 72 damage, you have 35 HP!!
 22574 | D:15     | Danger: Low HP Warning |T2| Reason: 30% HP (35/115)
 22772 | D:15     | Danger: Low HP Warning |T2| Reason: 60% HP (69/115)
 22773 | D:15     | Danger: Low HP Warning |T2| Reason: 60% HP (70/115)
 22774 | D:15     | Danger: Low HP Warning |T2| Reason: 55% HP (64/115)
 22775 | D:15     | Danger: Low HP Warning |T2| Reason: 56% HP (65/115)
 22776 | D:15     | Danger: Low HP Warning |T2| Reason: 57% HP (66/115)
 22777 | D:15     | Danger: Low HP Warning |T2| Reason: 57% HP (66/115)
 22832 | D:15     | XOM: god gift: pair of gloves {god gift}
 22871 | D:15     | Danger: cyclops |T2| Reason: Quivering large rocks, watch
                  | out!!
 22871 | D:15     | XOM: divination: detect items
 22895 | D:15     | XOM: 1-stop teleportation journey
 22936 | D:15     | Danger: ice dragon |T2| Reason: OOD monster, careful!
 22936 | D:15     | Danger: ice dragon |T2| Reason: Cold Breath deals more than
                  | 50% MHP!
 22996 | D:15     | XOM: 4-stop teleportation journey
 23135 | D:15     | Reached skill level 16 in Ranged Weapons
 23321 | D:15     | XOM: scenery: summon butterflies
 23404 | D:15     | Found a staircase to the Depths.
 23692 | Spider:1 | XOM: noise
 23692 | Spider:1 | Entered Level 1 of the Spider Nest
 23749 | Swamp:1  | Entered Level 1 of the Swamp
 23749 | Swamp:1  | Noticed Mlioglotl
 23750 | Swamp:1  | Danger: Mlioglotl |T2| Reason: Unique monster, careful!
 23804 | Swamp:1  | Identified the +3 leather armour of Lauph {rPois Slay+2
                  | Stlth+}
 23836 | Swamp:1  | Noticed Jorgrun
 23837 | Swamp:1  | Danger: Jorgrun |T3| Reason: Petrify and low Will
 23837 | Swamp:1  | Danger: Jorgrun |T2| Reason: Unique monster, careful!
 23837 | Swamp:1  | Danger: Jorgrun |T2| Reason: Lee's Rapid Deconstruction
                  | deals more than 50% MHP!
 23837 | Swamp:1  | Danger: Jorgrun |T2| Reason: Iron Shot deals more than 50%
                  | MHP!
 23865 | Swamp:1  | Found a transporter.
 23869 | Swamp:1  | Danger: bog body |T2| Reason: Slow and low Will, careful
 23873 | Swamp:1  | Noticed Varun's ghost (adept AtWr)
 23895 | Swamp:1  | XOM: summons friendly quasit
 23901 | Swamp:1  | XOM: summons 4 friendly demons
 23946 | Swamp:1  | XOM: cast spell 'Summon Horrible Things'
 23974 | Swamp:1  | Danger: bog body |T2| Reason: Slow and low Will, careful
 24020 | Swamp:1  | Danger: bog body |T2| Reason: Slow and low Will, careful
 24024 | Swamp:1  | Reached skill level 17 in Ranged Weapons
 24042 | Swamp:1  | Noticed Kirke
 24043 | Swamp:1  | Danger: Kirke |T2| Reason: Porkalator and low Will, careful
 24043 | Swamp:1  | Danger: Kirke |T2| Reason: Slow and low Will, careful
 24043 | Swamp:1  | Danger: Kirke |T2| Reason: Unique monster, careful!
 24048 | Swamp:1  | XOM: summons friendly iron imp
 24052 | Swamp:1  | XOM: fog
 24056 | Swamp:1  | XOM: divination: detect items
 24089 | Swamp:2  | XOM: chaos cloud
 24093 | Swamp:2  | Identified the ring "Neyngemom" {Wiz rF+ Dex+3}
 24140 | Swamp:2  | Danger: will-o-the-wisp |T2| Reason: Marshlight deals more
                  | than 50% MHP!
 24144 | Swamp:2  | Danger: will-o-the-wisp |T2| Reason: Marshlight deals more
                  | than 50% MHP!
 24201 | Swamp:2  | Danger: Mlioglotl |T2| Reason: Unique monster, careful!
 24207 | Swamp:2  | Danger: neqoxec |T2| Reason: Malmutator in LOS
 24207 | Swamp:2  | Danger: neqoxec |T2| Reason: Malmutator in LOF!
 24209 | Swamp:2  | XOM: confuse monster(s)
 24211 | Swamp:2  | Killed Mlioglotl
 24261 | Swamp:2  | Danger: eleionoma |T2| Reason: Splinterspray deals more
                  | than 50% MHP!
 24359 | Swamp:2  | XOM: potion effect (haste)
 24386 | Swamp:2  | XOM: god gift: pink potion {god gift}
 24500 | Swamp:2  | Danger: Low HP Warning |T2| Reason: 59% HP (71/119)
 24501 | Swamp:2  | Danger: Low HP Warning |T2| Reason: 59% HP (71/119)
 24502 | Swamp:2  | Danger: Low HP Warning |T2| Reason: 37% HP (45/119)
 24503 | Swamp:2  | Danger: Low HP Warning |T2| Reason: 38% HP (46/119)
 24504 | Swamp:2  | Danger: Low HP Warning |T2| Reason: 39% HP (47/119)
 24826 | Swamp:2  | XOM: scenery: summon butterflies
 24875 | Swamp:3  | XOM: divination: magic mapping
 24880 | Swamp:3  | XOM: enchant monster (good)
 24927 | Swamp:2  | XOM: summons friendly crimson imp
 24932 | Swamp:2  | Danger: Low HP Warning |T2| Reason: 55% HP (67/120)
 24932 | Swamp:2  | XOM: polymorph alligator -> tyrant leech
 24933 | Swamp:2  | Danger: Low HP Warning |T2| Reason: 55% HP (67/120)
 24934 | Swamp:2  | Danger: Low HP Warning |T2| Reason: 56% HP (68/120)
 24935 | Swamp:2  | Danger: Low HP Warning |T2| Reason: 57% HP (69/120)
 24982 | Swamp:3  | XOM: fog
 24991 | Swamp:3  | XOM: cleaving
 25060 | Swamp:3  | Danger: eleionoma |T2| Reason: Splinterspray deals more
                  | than 50% MHP!
 25066 | Swamp:3  | XOM: summons friendly crimson imp
 25073 | Swamp:3  | XOM: cleaving
 25074 | Swamp:3  | XOM: confuse monster(s)
 25075 | Swamp:3  | Reached XP level 16. HP: 127/127 MP: 16/16
 25110 | Swamp:3  | XOM: summons friendly crimson imp
 25136 | Swamp:3  | Danger: Low HP Warning |T2| Reason: 47% HP (60/127)
 25137 | Swamp:3  | Danger: Low HP Warning |T2| Reason: 38% HP (49/127)
 25138 | Swamp:3  | Danger: Low HP Warning |T2| Reason: 29% HP (38/127)
 25139 | Swamp:3  | Danger: Low HP Warning |T2| Reason: 30% HP (39/127)
 25140 | Swamp:3  | Danger: Low HP Warning |T3| Reason: 25% HP (33/127)
 25140 | Swamp:3  | HP: 3/127 [constriction (10)]
 25141 | Swamp:3  | Danger: Low HP Warning |T3| Reason: 2% HP (3/127)
 25208 | Swamp:2  | XOM: summons 1 hostile demon
 25316 | Swamp:3  | XOM: 2-stop teleportation journey
 25426 | Swamp:3  | XOM: summons 3 hostile shadow creatures
 25430 | Swamp:3  | Danger: Low HP Warning |T2| Reason: 58% HP (75/129)
 25431 | Swamp:3  | Danger: Low HP Warning |T2| Reason: 45% HP (59/129)
 25432 | Swamp:3  | Danger: Low HP Warning |T2| Reason: 35% HP (46/129)
 25433 | Swamp:3  | Danger: Low HP Warning |T2| Reason: 36% HP (47/129)
 25434 | Swamp:3  | Danger: Low HP Warning |T2| Reason: 37% HP (48/129)
 25435 | Swamp:3  | Danger: Low HP Warning |T2| Reason: 37% HP (49/129)
 25436 | Swamp:3  | Danger: Low HP Warning |T3| Reason: 21% HP (28/129)
 25437 | Swamp:3  | Danger: Low HP Warning |T3| Reason: 22% HP (29/129)
 25642 | Swamp:3  | XOM: 1-stop teleportation journey
 25703 | Swamp:3  | Danger: will-o-the-wisp |T2| Reason: Marshlight deals more
                  | than 50% MHP!
 25705 | Swamp:3  | Danger: will-o-the-wisp |T2| Reason: Marshlight deals more
                  | than 50% MHP!
 25773 | Swamp:3  | Danger: eleionoma |T2| Reason: Splinterspray deals more
                  | than 50% MHP!
 25775 | Swamp:3  | Danger: eleionoma |T2| Reason: Splinterspray deals more
                  | than 50% MHP!
 26115 | Swamp:4  | Entered Level 4 of the Swamp
 26117 | Swamp:4  | XOM: enchant monster (bad)
 26125 | Swamp:3  | XOM: noise
 26128 | Swamp:3  | Danger: Low HP Warning |T2| Reason: 39% HP (51/130)
 26129 | Swamp:3  | Danger: Low HP Warning |T2| Reason: 26% HP (35/130)
 26130 | Swamp:3  | Danger: Low HP Warning |T2| Reason: 27% HP (36/130)
 26230 | Swamp:3  | XOM: stat loss: -1 Dex (17/18)
 26318 | Swamp:4  | XOM: silly message
 26321 | Swamp:4  | XOM: noise
 26377 | Swamp:4  | XOM: repel stairs
 26405 | Swamp:4  | XOM: chaos cloud
 26423 | Swamp:4  | XOM: silly message
 26431 | Swamp:4  | Noticed the 27-headed Lernaean hydra
 26432 | Swamp:4  | Danger: 27-headed Lernaean hydra |T2| Reason: Unique
                  | monster, careful!
 26441 | Swamp:3  | XOM: enchant monster (good)
 26532 | Swamp:4  | XOM: confusion (+ monsters)
 26594 | Swamp:4  | XOM: stat loss: -1 Dex (17/18)
 26651 | Swamp:4  | XOM: confusion (+ monsters)
 26660 | Swamp:4  | Danger: Low HP Warning |T2| Reason: 56% HP (73/130)
 26661 | Swamp:4  | Danger: Low HP Warning |T2| Reason: 56% HP (74/130)
 26662 | Swamp:4  | Danger: Low HP Warning |T2| Reason: 58% HP (76/130)
 26663 | Swamp:4  | Danger: Low HP Warning |T2| Reason: 59% HP (77/130)
 26665 | Swamp:4  | Danger: Low HP Warning |T2| Reason: 60% HP (79/130)
 26666 | Swamp:4  | XOM: destruction
 26788 | Swamp:4  | Danger: 27-headed Lernaean hydra |T2| Reason: Unique
                  | monster, careful!
 26789 | Swamp:4  | XOM: confuse monster(s)
 26793 | Swamp:4  | XOM: enchant monster (bad)
 26793 | Swamp:4  | Killed the 27-headed Lernaean hydra
 26805 | Swamp:4  | Noticed a thorn hunter
 26821 | Swamp:4  | Danger: Low HP Warning |T2| Reason: 51% HP (67/130)
 26822 | Swamp:4  | Danger: Low HP Warning |T2| Reason: 50% HP (66/130)
 26823 | Swamp:4  | Danger: Low HP Warning |T2| Reason: 51% HP (67/130)
 26824 | Swamp:4  | Danger: Low HP Warning |T2| Reason: 51% HP (67/130)
 26824 | Swamp:4  | Killed a thorn hunter
 26825 | Swamp:4  | Danger: Low HP Warning |T2| Reason: 52% HP (68/130)
 26826 | Swamp:4  | Danger: Low HP Warning |T2| Reason: 53% HP (70/130)
 26827 | Swamp:4  | Danger: Low HP Warning |T2| Reason: 54% HP (71/130)
 26866 | Swamp:4  | XOM: summons 6 hostile demons
 26873 | Swamp:4  | XOM: summons 1 hostile demon
 26897 | Swamp:4  | Noticed a thorn hunter
 26903 | Swamp:4  | Danger: Low HP Warning |T2| Reason: 54% HP (71/130)
 26904 | Swamp:4  | Danger: Low HP Warning |T2| Reason: 56% HP (73/130)
 26904 | Swamp:4  | Killed a thorn hunter
 26905 | Swamp:4  | Danger: Low HP Warning |T2| Reason: 56% HP (74/131)
 26906 | Swamp:4  | Danger: Low HP Warning |T2| Reason: 57% HP (75/131)
 26907 | Swamp:4  | Danger: Low HP Warning |T2| Reason: 58% HP (76/131)
 26908 | Swamp:4  | Danger: Low HP Warning |T2| Reason: 58% HP (77/131)
 26909 | Swamp:4  | Danger: Low HP Warning |T2| Reason: 59% HP (78/131)
 26910 | Swamp:4  | Danger: Low HP Warning |T2| Reason: 60% HP (79/131)
 26962 | Swamp:4  | Got a decaying rune of Zot
 27000 | Swamp:4  | Noticed a thorn hunter
 27010 | Swamp:4  | Killed a thorn hunter
 27233 | Swamp:4  | XOM: cloud trail
 27386 | Swamp:1  | Found a transporter.
 27459 | Swamp:1  | Danger: death drake |T2| Reason: OOD monster, careful!
 27462 | Swamp:1  | XOM: noise
 27503 | Swamp:1  | Danger: Kirke |T2| Reason: Unique monster, careful!
 27503 | Swamp:1  | XOM: silly message
 27506 | Swamp:1  | Danger: Kirke |T2| Reason: Unique monster, careful!
 27523 | Swamp:1  | Killed Kirke
 27548 | Swamp:1  | Noticed Nikola
 27549 | Swamp:1  | Danger: Nikola |T2| Reason: Unique monster, careful!
 27549 | Swamp:1  | Danger: Nikola |T2| Reason: Lightning Bolt and no rElec
 27549 | Swamp:1  | Danger: Nikola |T3| Reason: Chain Lightning and no rElec
 27549 | Swamp:1  | Danger: Nikola |T3| Reason: Nikola and no rElec
 27549 | Swamp:1  | Danger: Nikola |T3| Reason: Nikola in LOS and not silenced
                  | or waterlogged
 27549 | Swamp:1  | Danger: Nikola |T2| Reason: Chain Lightning deals more than
                  | 50% MHP!
 27549 | Swamp:1  | Danger: Nikola |T3| Reason: IMMINENT DEATH: Chain Lightning
                  | deals 135 damage, you have 133 HP!!
 27551 | Swamp:1  | Danger: Nikola |T2| Reason: Unique monster, careful!
 27551 | Swamp:1  | Danger: Nikola |T2| Reason: Lightning Bolt and no rElec
 27551 | Swamp:1  | Danger: Nikola |T3| Reason: Chain Lightning and no rElec
 27551 | Swamp:1  | Danger: Nikola |T3| Reason: Nikola and no rElec
 27551 | Swamp:1  | Danger: Nikola |T2| Reason: Chain Lightning deals more than
                  | 50% MHP!
 27551 | Swamp:1  | Danger: Nikola |T3| Reason: IMMINENT DEATH: Chain Lightning
                  | deals 135 damage, you have 133 HP!!
 27552 | Swamp:1  | Danger: Nikola |T3| Reason: Chain Lightning and no rElec
 27552 | Swamp:1  | Danger: Nikola |T3| Reason: Nikola and no rElec
 27552 | Swamp:1  | Danger: Nikola |T3| Reason: IMMINENT DEATH: Chain Lightning
                  | deals 135 damage, you have 133 HP!!
 27553 | Swamp:1  | Danger: Nikola |T3| Reason: IMMINENT DEATH: Chain Lightning
                  | deals 135 damage, you have 131 HP!!
 27553 | Swamp:1  | Danger: Nikola |T3| Reason: Chain Lightning and no rElec
 27553 | Swamp:1  | Danger: Nikola |T3| Reason: Nikola and no rElec
 27554 | Swamp:1  | Danger: Nikola |T3| Reason: IMMINENT DEATH: Chain Lightning
                  | deals 135 damage, you have 132 HP!!
 27554 | Swamp:1  | Danger: Nikola |T3| Reason: Chain Lightning and no rElec
 27554 | Swamp:1  | Danger: Nikola |T3| Reason: Nikola and no rElec
 27555 | Swamp:1  | Danger: Nikola |T3| Reason: IMMINENT DEATH: Chain Lightning
                  | deals 135 damage, you have 118 HP!!
 27555 | Swamp:1  | Danger: Nikola |T3| Reason: Chain Lightning and no rElec
 27555 | Swamp:1  | Danger: Nikola |T3| Reason: Nikola and no rElec
 27556 | Swamp:1  | Danger: Nikola |T3| Reason: IMMINENT DEATH: Chain Lightning
                  | deals 135 damage, you have 119 HP!!
 27556 | Swamp:1  | Danger: Nikola |T3| Reason: Chain Lightning and no rElec
 27556 | Swamp:1  | Danger: Nikola |T3| Reason: Nikola and no rElec
 27557 | Swamp:1  | Danger: Nikola |T3| Reason: IMMINENT DEATH: Chain Lightning
                  | deals 135 damage, you have 120 HP!!
 27557 | Swamp:1  | Danger: Nikola |T3| Reason: Chain Lightning and no rElec
 27557 | Swamp:1  | Danger: Nikola |T3| Reason: Nikola and no rElec
 27558 | Swamp:1  | Danger: Nikola |T3| Reason: IMMINENT DEATH: Chain Lightning
                  | deals 135 damage, you have 107 HP!!
 27558 | Swamp:1  | Danger: Nikola |T3| Reason: Chain Lightning and no rElec
 27558 | Swamp:1  | Danger: Nikola |T3| Reason: Nikola and no rElec
 27559 | Swamp:1  | Danger: Nikola |T3| Reason: IMMINENT DEATH: Chain Lightning
                  | deals 135 damage, you have 108 HP!!
 27559 | Swamp:1  | Danger: Nikola |T3| Reason: Chain Lightning and no rElec
 27559 | Swamp:1  | Danger: Nikola |T3| Reason: Nikola and no rElec
 27560 | Swamp:1  | Danger: Nikola |T3| Reason: IMMINENT DEATH: Chain Lightning
                  | deals 135 damage, you have 106 HP!!
 27560 | Swamp:1  | Danger: Nikola |T3| Reason: Chain Lightning and no rElec
 27560 | Swamp:1  | Danger: Nikola |T3| Reason: Nikola and no rElec
 27561 | Swamp:1  | Danger: Nikola |T3| Reason: IMMINENT DEATH: Chain Lightning
                  | deals 135 damage, you have 107 HP!!
 27561 | Swamp:1  | Danger: Nikola |T3| Reason: Chain Lightning and no rElec
 27561 | Swamp:1  | Danger: Nikola |T3| Reason: Nikola and no rElec
 27561 | Swamp:1  | Killed Nikola
 27787 | Spider:1 | Noticed Donald
 27788 | Spider:1 | Danger: Donald |T2| Reason: Unique monster, careful!
 27789 | Lair:2   | XOM: confuse monster(s)
 27792 | Lair:2   | XOM: enchant monster (good)
 27811 | Spider:1 | Danger: Donald |T2| Reason: Unique monster, careful!
 27817 | Spider:1 | Danger: Low HP Warning |T2| Reason: 55% HP (75/134)
 27819 | Lair:2   | Danger: Low HP Warning |T2| Reason: 55% HP (75/134)
 27820 | Lair:2   | Danger: Low HP Warning |T2| Reason: 54% HP (73/134)
 27821 | Lair:2   | Danger: Low HP Warning |T2| Reason: 46% HP (62/134)
 27822 | Lair:2   | Danger: Low HP Warning |T2| Reason: 38% HP (52/134)
 27823 | Lair:2   | Danger: Low HP Warning |T2| Reason: 39% HP (53/134)
 27824 | Lair:2   | Danger: Low HP Warning |T2| Reason: 35% HP (48/134)
 27825 | Lair:2   | Danger: Low HP Warning |T2| Reason: 37% HP (50/134)
 27826 | Lair:2   | Danger: Low HP Warning |T2| Reason: 36% HP (49/134)
 27827 | Lair:2   | Danger: Low HP Warning |T2| Reason: 32% HP (43/134)
 27828 | Lair:2   | Danger: Low HP Warning |T2| Reason: 32% HP (44/134)
 27829 | Lair:2   | Danger: Low HP Warning |T2| Reason: 34% HP (46/134)
 27830 | Lair:2   | Danger: Low HP Warning |T2| Reason: 35% HP (47/134)
 27831 | Lair:2   | Danger: Low HP Warning |T2| Reason: 35% HP (48/134)
 27832 | Lair:2   | Danger: Low HP Warning |T2| Reason: 36% HP (49/134)
 27833 | Lair:2   | Danger: Low HP Warning |T2| Reason: 37% HP (50/134)
 27834 | Lair:2   | Danger: Low HP Warning |T2| Reason: 35% HP (48/134)
 27835 | Lair:2   | Danger: Low HP Warning |T2| Reason: 36% HP (49/134)
 27836 | Lair:2   | Danger: Low HP Warning |T2| Reason: 37% HP (50/134)
 27837 | Lair:2   | Danger: Low HP Warning |T2| Reason: 38% HP (51/134)
 27838 | Lair:2   | Danger: Low HP Warning |T2| Reason: 38% HP (52/134)
 27839 | Lair:2   | Danger: Low HP Warning |T2| Reason: 39% HP (53/134)
 27840 | Lair:2   | Danger: Low HP Warning |T2| Reason: 40% HP (54/134)
 27841 | Lair:2   | Danger: Low HP Warning |T2| Reason: 40% HP (54/134)
 27842 | Lair:2   | Danger: Low HP Warning |T2| Reason: 41% HP (55/134)
 27909 | Spider:1 | Danger: Donald |T2| Reason: Unique monster, careful!
 27911 | Spider:1 | Danger: Low HP Warning |T2| Reason: 49% HP (66/134)
 27912 | Lair:2   | XOM: enchant monster (good)
 27913 | Lair:2   | Danger: Low HP Warning |T3| Reason: 14% HP (20/134)
 27913 | Lair:2   | XOM: summons friendly ufetubus
 27913 | Lair:2   | HP: 3/134 [demonic crawler (9)]
 27913 | Lair:2   | Slain by an emperor scorpion

Illustrated notes

Levels and vault maps discovered:
D:1:      sevenhm_arrival_forest_fort_large_2, layout_basic,
          columned_hall_lemuel, corexii_leaking_fountain
D:2:      layout_basic, minmay_cupped, uniq_natasha
D:3:      minmay_general_purpose_star, layout_rooms,
          mainiacjoe_overflow_surrounded_room,
          hellmonk_ecumenical_altar_crossroads, ebering_ghost_disaster_area
D:4:      minmay_recursive_quarters, layout_basic,
          nicolae_overflow_crystal_walls, kennysheep_path_1, kennysheep_diamond
D:5:      kennysheep_spiral_hall, layout_loops_cross, temple_green,
          uniq_crazy_yiuf_cottage, uniq_sigmund
D:6:      gammafunk_wand_slinger, layout_loops_ring,
          chequers_temple_overflow_statue_of_worship, kb_rosetta
D:7:      layout_loops_ring, mainiacjoe_overflow_boulevard,
          mainiacjoe_overflow_six_doors_small, slow_altar_2
D:8:      layout_loops_ring, minmay_overflow_temple_star_quad,
          gammafunk_ghost_hydra_chop, uniq_grum, uniq_amaemon
D:9:      layout_irregular_city, erik_lair_dragon, uniq_psyche
D:10:     layout_stronghold
D:11:     layout_cave_pods, portal_ice_cave_entry_imps, uniq_maurice
D:12:     layout_roguey [special_room_bee], erik_orc_4
D:13:     minmay_the_grid_3x2 [minmay_the_grid_armoury, minmay_the_grid_eight,
          minmay_the_grid_dragon_a, minmay_the_grid_tiny_cups,
          minmay_the_grid_doors, minmay_the_grid_prize_inner_circle],
          layout_basic, skrybe_vaults_entry_preservation, enter_trove_6,
          serial_glass, glass_columns_b, glass_columns_a
D:14:     layout_roguey, moated_statue
D:15:     grunt_enter_depths_hoard, layout_basic,
          hangedman_abyss_or_decor_lesser_grid, nicolae_vehumet_radiance
Lair:1:   dragon1_lemuel, layout_regular_city
Lair:2:   minmay_lair_oklob_chamber, layout_regular_city,
          nicolae_swamp_entry_spooky, nicolae_spider_entry_lesser_pyramids,
          beast_lair_carwin_11
Lair:3:   layout_loops_ring, serial_bayou_shore_b, serial_bayou_shore_a,
          grunt_megastairs_3, uniq_urug, uniq_snorg
Lair:4:   layout_hall_layers, slime_entry_1, infiniplex_staircase_pool_2,
          uniq_rupert
Lair:5:   minmay_lair_end_enchanted_forest, layout_regular_city
Swamp:1:  layout_basic_swamp, gammafunk_ghost_mausoleum,
          evilmike_swamp_ruin_rubble_2, uniq_mlioglotl, uniq_kirke,
          uniq_jorgrun, uniq_nikola
Swamp:2:  layout_basic_swamp, hangedman_swamp_ruin_wall
Swamp:3:  layout_falls_marsh, evilmike_swamp_ruin_house_4, swamp_pool2,
          hangedman_swamp_wriggling, infiniplex_staircase_pool
Swamp:4:  swamp_alternative, layout_basic_swamp, swamp_pool1
Spider:1: layout_spider_delve, uniq_roxanne, uniq_donald
Orc:1:    layout_diamond_mine, guppyfry_library_mini
Orc:2:    grunt_orc_cross, layout_caves, basic_altar, mines1_david

Skill      XL: |  1  2  3  4  5  6  7  8  9 10 11 12 13 14 15 16 |
---------------+-------------------------------------------------+-----
Unarmed Combat | 3 4 |  4.0
Axes           | 2 4 |  4.1
Evocations     | 2 6 9 |  9.0
Ranged Weapons | 2 4 6 8 10 13 14 17 | 17.0
Dodging        | 2 3 5 7 10 11 12 | 12.0
Stealth        | 1 3 4 6 |  6.0
Fighting       | 7 10 12 14 | 14.5
Throwing       | 2 3 |  3.0
Armour         | 4 |  4.0

Action                     |  1- 3 |  4- 6 |  7- 9 | 10-12 | 13-15 | 16-18 || total
---------------------------+-------+-------+-------+-------+-------+-------++-------
  Melee: Unarmed           |   109 |       |       |       |       |       ||   109
         Executioner's axe |    15 |   128 |    98 |       |       |       ||   241
         Punch             |     2 |       |       |     1 |       |       ||     3
         Dagger            |       |       |     1 |     5 |       |       ||     6
         Shortbow          |       |       |       |       |       |     3 ||     3
   Fire: Shortbow          |       |       |   181 |   617 |  1791 |   471 ||  3060
  Throw: Stone             |     5 |     2 |       |       |       |       ||     7
         Dart              |       |       |       |       |     1 |       ||     1
         Throwing net      |       |       |       |       |     2 |       ||     2
  Evoke: Piece from Xom's  |     4 |     3 |     3 |       |       |       ||    10
         Wand              |       |     5 |    11 |     6 |    30 |    11 ||    63
         Condenser vane    |       |       |       |     1 |     5 |     3 ||     9
         Box of beasts     |       |       |       |       |     5 |     2 ||     7
         Phantom mirror    |       |       |       |       |     4 |     2 ||     6
    Use: Scroll            |     4 |     5 |     7 |     8 |    11 |     3 ||    38
   Stab: Confused          |     1 |       |       |       |       |       ||     1
         Petrified         |     2 |     2 |       |     5 |       |       ||     9
         Invisible         |       |       |     1 |       |       |       ||     1
 Armour: Leather armour    |    48 |    84 |   110 |    78 |   343 |   112 ||   775
  Dodge: Dodged            |    73 |   139 |   112 |   174 |   743 |   297 ||  1538

Table legend: (Time is in decaauts)
 A = Elapsed time spent in this place.
 B = Non-inter-level travel time spent in this place.
 C = Inter-level travel time spent in this place.
 D = Time resting spent in this place.
 E = Time spent auto-exploring this place.
 F = Levels seen in this place.
 G = Mean time per level.
                   A        B        C        D        E       F      G
               +--------+--------+--------+--------+--------+-----+--------+
         Total |  27861 |  25714 |   2147 |   2007 |  15646 |  28 |  995.0 |
       Dungeon |  16872 |  15381 |   1491 |    897 |   9817 |  15 | 1124.8 |
          Lair |   5652 |   5284 |    368 |    312 |   3167 |   5 | 1130.4 |
         Swamp |   4025 |   3767 |    258 |    633 |   2059 |   4 | 1006.2 |
   Spider Nest |     21 |     21 |      0 |      0 |      0 |   1 |   21.0 |
  Orcish Mines |   1282 |   1254 |     28 |    165 |    601 |   2 |  641.0 |
      Ice Cave |      6 |      6 |      0 |      0 |      0 |   1 |    6.0 |
               +--------+--------+--------+--------+--------+-----+--------+

Top non-repeatable levels by time:
    D:13: 1658 daAuts
     D:9: 1461 daAuts
  Lair:5: 1418 daAuts
  Lair:2: 1400 daAuts
     D:4: 1389 daAuts
     D:5: 1376 daAuts
 Swamp:3: 1315 daAuts
    D:12: 1299 daAuts
     D:8: 1244 daAuts
    D:15: 1242 daAuts
  Lair:3: 1161 daAuts
     D:2: 1087 daAuts
     D:7: 1013 daAuts
 Swamp:2: 1012 daAuts
  Lair:1: 1011 daAuts
